Workbook
Name Macro2: [1]!Macro2
Name Macro2: [1]!Macro2
Name Macro2: [1]!Macro2
Name Macro2: [1]!Macro2
Name Macro2: [1]!Macro2
Name Macro2: [1]!Macro2
Name Macro2: [1]!Macro2

Sheet INDICE
A2: BOLETÍN ESTADÍSTICO HIDROCARBUROS AGOSTO 2026
A3: 46265
A4: INDICE
A6: Indicadores
C8: Indicadores
C9: Consumo anual de energía primaria en España y grado de autoabastecimiento
C10: Consumo anual de energía final en España
A12: 1- Productos petrolíferos
B14: 1.1 Consumo de productos petrolíferos
C16: Consumo de productos petrolíferos
C17: Tasa variación año móvil del consumo de productos petrolíferos
C18: Consumo de gases licuados del petróleo
C19: Consumo de gasolinas
C20: Consumo de gasolinas por Comunidades Autónomas
C21: Consumo de gasóleos
C22: Consumo de gasóleos por Comunidades Autónomas
C23: Consumo de combustibles de automoción
C24: Biocarburantes en gasolinas y gasóleos
C25: Tasa de variación año móvil del consumo de combustibles de automoción
C26: Consumo de combustibles de automoción por canales
C27: Consumo de combustibles de automoción por Comunidades Autónomas
... C31: Consumo de otros productos
B33: 1.2 Importaciones y exportaciones de hidrocarburos líquidos
C35: Importaciones de crudo por países y zonas económicas
C36: Coste CIF del crudo importado en España
C37: Importaciones - Exportaciones de productos petrolíferos por productos
C38: Importaciones - Exportaciones de productos petrolíferos por países y áreas geográficas
B40: 1.3 Balance de productos petrolíferos
C42: Producción interior de crudo
C43: Crudo y materias primas procesadas
C44: Producción bruta de refinería
C45: Balance de producción y consumo de productos petrolíferos
B47: 1.4 Precios de productos petrolíferos
C49: PVP máximo de la bombona de butano
C50: PVP gasolina 95 I.O. y gasóleo de automoción
C51: PVP medio de la gasolina 95 I.O.
C52: PVP medio del gasóleo de automoción
C53: PVP medio del gasóleo calefacción
C54: Cotizaciones de los crudos de referencia y tipo de cambio
C55: Evolución de los precios spot de crudos
C56: Cotizaciones internacionales FOB de productos petrolíferos
A58: 2-Gas natural
B60: 2.1 Consumo de gas natural
C62: Consumo de gas natural
C63: Consumo de gas natural por tramos de presión
C64: Tasa variación año móvil de consumo gas natural
C65: Consumo de gas natural por Comunidades Autónomas y tramos de presión
B67: 2.2 Importaciones-Exportaciones de gas natural
C69: Importaciones de gas natural por países y zonas económicas
C70: Importaciones por punto de entrada
C71: Coste de aprovisionamiento gas natural
C72: Exportaciones de gas natural por países
C73: Exportaciones de gas natural por punto de salida
C74: Importaciones netas de gas natural
B76: 2.3 Balance de gas natural
C78: Producción interior de gas natural
C79: Balance de producción y consumo de gas natural
B81: 2.4 Precios de gas natural
C83: PVP máximo de las tarifas último recurso de gas natural
C84: Cotizaciones del gas natural
A86: 3. Reservas petróleo y gas natural en España
C88: Stocks de crudo, materias primas y productos petrolíferos
C89: Existencias mínimas de seguridad de productos petroliferos
C90: Nivel de Stocks calculado en días de importaciones netas
C91: Reservas estrategicas Cores
C92: Existencias gas natural
A94: Unidades y factores de conversión utilizados
A98: CORES elabora su información estadística en base a la información mensual y anual que remiten los sujetos obligados sobre los sectores de petróleo y gas natural, principalmente, en virtud de las Resoluciones de 29 de mayo de 2007 y 15 de diciembre de 2008 de la Dirección General de Política Energética y Minas. Los datos contenidos en el este informe se corresponden con datos actualizados a la fecha de su publicación. Actualizaciones posteriores se recogen en la información estadística mensual que publica CORES a través de su página web www.cores.es.

Sheet Indicadores
A1: Indicadores
B3: Fuente | C3: Unidades | D3: Penúltimo dato | E3: Último dato | F3: periodo últ. dato
A4: Consumo y Demanda
A5: Total productos petrolíferos | B5: Cores | C5: kt | D5: 5441.6497 | E5: 5015.0791 | F5: ago-26
A6: GLP´s | B6: Cores | C6: kt | D6: 134.20461 | E6: 137.63748 | F6: ago-26
A7: Gasolinas | B7: Cores | C7: kt | D7: 727.74147 | E7: 713.88533 | F7: ago-26
A8: Querosenos | B8: Cores | C8: kt | D8: 781.95525 | E8: 799.02174 | F8: ago-26
A9: Gasóleos de automoción | B9: Cores | C9: kt | D9: 1996.4551 | E9: 1673.7646 | F9: ago-26
A10: Gas natural | B10: Cores | C10: GWh | D10: 27510 | E10: 25080.188 | F10: ago-26
A11: Comercio exterior
A12: Importación de crudo | B12: Cores | C12: kt | D12: 5280.689 | E12: 5704.9564 | F12: ago-26
A13: Importación de gas natural | B13: Cores | C13: GWh | D13: 25578.097 | E13: 29650.344 | F13: ago-26
A14: Coste CIF del crudo importado | B14: Cores | C14: €/Bbl | D14: 76.414091 | E14: 78.117138 | F14: ago-26
A15: Saldo Expor. - Impor. productos petrolíferos | B15: Cores | C15: kt | D15: 5.912 | E15: 39.359 | F15: ago-26
A16: Refino y stocks de petróleo
A17: Materia prima procesada | B17: Cores | C17: kt | D17: 5494.788 | E17: 5674.823 | F17: ago-26
A18: Utilización de la capacidad de refino | B18: Cores | C18: % | D18: 81.687749 | E18: 84.364223 | F18: ago-26
A19: Stocks de crudo y productos | B19: Cores | C19: kt | D19: 15522.849 | E19: 16144.78 | F19: ago-26
A20: Precios crudos y productos
A21: Precio Brent | B21: Reuters | C21: US$/Bbl | D21: 84.093913 | E21: 90.8755 | F21: ago-26
A22: Cotización media anual | B22: BCE | C22: US$/€ | D22: 1.1417478 | E22: 1.1593095 | F22: ago-26
A23: PVP gasolina 95 I.O. | B23: MITECO | C23: c€/litro | D23: 158.80476 | E23: 171.59136 | F23: ago-26
A24: PVP gasóleo auto | B24: MITECO | C24: c€/litro | D24: 163.12347 | E24: 184.28501 | F24: ago-26
A25: PVP botella de butano 12,5 kg | B25: MITECO | C25: €/bombona | D25: 17.83 | E25: 17.89 | F25: ago-26
A26: Tarifa de último recurso de gas natural (TUR1) | B26: MITECO | C26: c€/kWh | D26: 6.810998 | E26: 7.4243156 | F26: ago-26
A27: Indicadores de actividad
A28: PIB | B28: INE | C28: (%)Var.inter. | D28: 2.6205 | E28: 2.6374 | F28: 2º 2026
A29: Índice producción industrial 1 | B29: INE | C29: (%)Var.inter. | D29: 2.3 | E29: 1.5 | F29: 46235
A30: Bienes de consumo | B30: INE | C30: (%)Var.inter. | D30: 0.1 | E30: -1 | F30: 46235
A31: - B. consumo duradero | B31: INE | C31: (%)Var.inter. | D31: -9.5 | E31: -6.9 | F31: 46235
A32: - B. consumo no duradero | B32: INE | C32: (%)Var.inter. | D32: 0.9 | E32: -0.7 | F32: 46235
A33: Bienes de equipo | B33: INE | C33: (%)Var.inter. | D33: 4.8 | E33: 0.9 | F33: 46235
A34: Bienes intermedios | B34: INE | C34: (%)Var.inter. | D34: 0.6 | E34: 2 | F34: 46235
A35: Energía | B35: INE | C35: (%)Var.inter. | D35: 6.6 | E35: 4.7 | F35: 46235
A36: Consumo energía eléctrica 2 | B36: REE | C36: (%)Var.inter. | D36: 3.7 | E36: 2.7 | F36: 46235
A37: Entrada de turistas (FRONTUR) | B37: INE | C37: (%)Var.inter. | D37: 4.6 | E37: 9.2 | F37: 46235
A38: Matriculación de automóviles | B38: DGT | C38: (%)Var.inter. | D38: 3.7 | E38: 11.8 | F38: 46235
A39: Producción interior
A40: Crudo de petróleo | B40: Cores | C40: kt | D40: 0.068 | E40: 0.049 | F40: ago-26
A41: Gas natural | B41: Cores | C41: GWh | D41: 76.288646 | E41: 68.953567 | F41: ago-26
A42: Grado de autoabastecimiento (petróleo) | B42: Cores | C42: % | D42: 0.0012496211 | E42: 0.00097705339 | F42: 46235
A43: Grado de autoabastecimiento (gas) | B43: Cores | C43: % | D43: 0.27731242 | E43: 0.27493242 | F43: 46235
A44: Indicadores de transporte 1
A45: Transporte total | B45: INE | C45: (%)Var.inter. | D45: 1.1867666 | E45: 3.2811885 | F45: 46235
A46: Transporte urbano | B46: INE | C46: (%)Var.inter. | D46: 1.2283769 | E46: 4.1327475 | F46: 46235
A47: Transporte interurbano | B47: INE | C47: (%)Var.inter. | D47: 0.10114157 | E47: 1.514771 | F47: 46235
A48: Transporte por autobús | B48: INE | C48: (%)Var.inter. | D48: 2.1865777 | E48: 5.5389344 | F48: 46235
A49: Transporte ferrocarril | B49: INE | C49: (%)Var.inter. | D49: -3.196733 | E49: -4.5635439 | F49: 46235
A50: Cercanías | B50: INE | C50: (%)Var.inter. | D50: -2.5471978 | E50: -4.9509318 | F50: 46235
A51: Media distancia | B51: INE | C51: (%)Var.inter. | D51: -4.0709874 | E51: -6.841067 | F51: 46235
A52: Larga distancia | B52: INE | C52: (%)Var.inter. | D52: -8.3844864 | E52: 0.28791876 | F52: 46235
A53: Transporte aéreo (interior) | B53: INE | C53: (%)Var.inter. | D53: 3.6224369 | E53: 2.7414342 | F53: 46235
A54: Marítimo (cabotaje) | B54: INE | C54: (%)Var.inter. | D54: -2.21794 | E54: -1.3962466 | F54: 46235
F55: Fuente: Elaboración Cores
A56: NOTAS: 1. Corregido de efectos estacionales y de calendario
A57: 2. Corregido efecto temperatura y calendario

Sheet Energia primaria
A1: Consumo anual de energía primaria en España
F2: Unidad: miles de toneladas equivalentes de petróleo
B3: Año 2025* | C3: Estructura (%) | D3: Año 2024 | E3: Estructura (%) | F3: Tv (%) 2025/2024
A5: Carbón | B5: 1769.0506 | C5: 1.4734655 | D5: 2470.0247 | E5: 2.0980977 | F5: -28.379234
A6: Petróleo | B6: 56207.101 | C6: 46.815633 | D6: 54784.398 | E6: 46.53517 | F6: 2.5969124
A7: Gas Natural | B7: 25560.378 | C7: 21.289574 | D7: 24065.225 | E7: 20.441573 | F7: 6.2129199
A8: Nuclear | B8: 14096.984 | C8: 11.741564 | D8: 14211 | E8: 12.071161 | F8: -0.80230457
A9: Energías Renovables | B9: 22963.266 | C9: 19.126406 | D9: 22479.807 | E9: 19.094882 | F9: 2.1506368
A10: Residuos no renovables | B10: 563.88413 | C10: 0.4696665 | D10: 595.7778 | E10: 0.50606782 | F10: -5.3532831
A11: Saldo Electr.(Imp.-Exp.) | B11: -1100.1254 | C11: -0.9163089 | D11: -879.3632 | E11: -0.74695199 | F11: 25.104781
A12: Total | B12: 120060.54 | C12: 100 | D12: 117726.87 | E12: 100 | F12: 1.9822743
A13: * Datos provisionales | F13: Fuente: MITECO

Sheet Energia final
A1: Consumo anual de energía final en España
F2: Unidad: miles de toneladas equivalentes de petróleo
B3: Año 2025* | C3: Estructura (%) | D3: Año 2024 | E3: Estructura (%) | F3: Tv (%) 2025/2024
A5: Carbón | B5: 345.77212 | C5: 0.37967076 | D5: 429.63817 | E5: 0.4835914 | F5: -19.520158
A6: Productos petrolíferos | B6: 49394.893 | C6: 54.237447 | D6: 47909.538 | E6: 53.925937 | F6: 3.1003323
A7: Gas natural | B7: 13748.959 | C7: 15.096873 | D7: 13959.964 | E7: 15.713033 | F7: -1.5115045
A8: Electricidad | B8: 20512.566 | C8: 22.523567 | D8: 19773.367 | E8: 22.256473 | F8: 3.7383542
A9: Calor | B9: 48.318525 | C9: 0.053055554 | D9: 48.318525 | E9: 0.054386283 | F9: 0
A10: Energías renovables | B10: 6712.2001 | C10: 7.3702477 | D10: 6413.3022 | E10: 7.2186738 | F10: 4.6605937
A11: Residuos no renovables | B11: 308.85978 | C11: 0.33913964 | D11: 309.09102 | E11: 0.34790615 | F11: -0.074812197
A12: Total | B12: 91071.568 | C12: 100 | D12: 88843.22 | E12: 100 | F12: 2.5081808
A13: * Datos provisionales | F13: Fuente: MITECO
A14: - igual a 0,0 / ^ distinto de 0,0

Sheet Consumo PP
A1: Consumo de productos petrolíferos
H2: Unidad: miles de toneladas
B3: =INDICE!A3 -> 46265 | D3: Acumulado anual | F3: Últimos doce meses
B4: kt | C4: Tv (%)* | D4: kt | E4: Tv (%)* | F4: kt | G4: Tv (%)* | H4: Estructura(%)
A5: Gases licuados del petróleo (GLP´s) | B5: 137.63748 | C5: -5.2708931 | D5: 1206.5086 | E5: -1.3947005 | F5: 1930.97 | G5: 3.2147793 | H5: 3.1969241
A6: Gasolinas | B6: 713.88533 | C6: 6.2035104 | D6: 4994.297 | E6: 6.9244859 | F6: 7353.0254 | G6: 7.5948443 | H6: 12.173708
A7: Querosenos | B7: 799.02174 | C7: 5.4020789 | D7: 5357.3951 | E7: 4.5053586 | F7: 7975.2691 | G7: 4.5567952 | H7: 13.203898
A8: Gasóleos | B8: 2218.6129 | C8: -6.7761806 | D8: 19799.945 | E8: -2.5527866 | F8: 30162.843 | G8: -0.7573976 | H8: 49.937763
A9: Fuelóleos | B9: 744.85064 | C9: 20.566807 | D9: 5273.4754 | E9: 3.2780175 | F9: 7902.3348 | G9: -0.61855637 | H9: 13.083147
A10: Otros productos ** | B10: 401.071 | C10: 11.40366 | D10: 3507.916 | E10: 12.501175 | F10: 5076.427 | G10: 3.3167253 | H10: 8.4045595
A11: Total *** | B11: 5015.0791 | C11: 1.6589986 | D11: 40139.538 | E11: 1.4554257 | F11: 60400.869 | G11: 1.359843 | H11: 100
H12: Fuente: Cores
A13: * Tasas de variación con respecto al mismo periodo del año anterior.
A14: ** Incluye lubricantes, productos asfálticos, coque y otros.
A15: *** Para obtener el consumo total nacional deben sumarse las mermas y autoconsumos que figuran en el balance de producción y consumo.
A16: '- igual que 0,0 / ^ distinto de 0,0

Sheet Tv año móvil cons. PP
A1: Tasa variación año móvil del consumo de productos petrolíferos (%)
B3: 2024 | C3: 2025 | D3: 2026
A4: Enero | B4: -0.074907247 | C4: 3.3289079 | D4: 0.64275873
A5: Febrero | B5: -0.13383804 | C5: 3.4614552 | D5: 0.44420962
A6: Marzo | B6: -1.0541893 | C6: 4.0433108 | D6: 0.63219612
A7: Abril | B7: 0.23780748 | C7: 3.0967588 | D7: 0.51233349
A8: Mayo | B8: 1.0409317 | C8: 2.5384695 | D8: 0.58763405
A9: Junio | B9: 1.127846 | C9: 2.7848638 | D9: 0.9594163
A10: Julio | B10: 1.7420007 | C10: 2.4660373 | D10: 1.0475382
A11: Agosto | B11: 2.6719996 | C11: 1.7606758 | D11: 1.359843
A12: Septiembre | B12: 3.4099298 | C12: 1.4069417
A13: Octubre | B13: 3.8819312 | C13: 0.92261084
A14: Noviembre | B14: 3.4600566 | C14: 0.81602044
A15: Diciembre | B15: 4.1638951 | C15: 0.79623206
D16: Fuente: Cores

Sheet Consumo GLP
A1: Consumo de gases licuados del petróleo
H2: Unidad: miles de toneladas
B3: =INDICE!A3 -> 46265 | D3: Acumulado anual | F3: Últimos doce meses
B4: kt | C4: Tv (%)* | D4: kt | E4: Tv (%)* | F4: kt | G4: Tv (%)* | H4: Estructura(%)
A5: Envasado | B5: 38.35893 | C5: -2.3818376 | D5: 466.06307 | E5: -1.6674418 | F5: 712.74133 | G5: -0.17185776 | H5: 36.911052
A6: Granel | B6: 25.75177 | C6: 17.725983 | D6: 325.61977 | E6: 0.60301605 | F6: 496.96242 | G6: 1.6540113 | H6: 25.736414
A7: Automoción (envasado y granel) | B7: 11.9638 | C7: 14.667288 | D7: 93.04996 | E7: 9.1496668 | F7: 137.15557 | G7: 8.132887 | H7: 7.1029365
A8: Otros ** | B8: 61.56298 | C8: -16.460411 | D8: 321.77583 | E8: -5.5516579 | F8: 584.11064 | G8: 7.9402674 | H8: 30.249597
A9: Total | B9: 137.63748 | C9: -5.2708931 | D9: 1206.5086 | E9: -1.3947005 | F9: 1930.97 | G9: 3.2147793 | H9: 100
H10: Fuente: Cores
A11: * Tasas de variación con respecto al mismo periodo del año anterior.
A12: ** Incluye GLP distintos de los anteriores incluyendo GLP destinado a su posterior transformación
A13: '- igual que 0,0 / ^ distinto de 0,0

Sheet Consumo gasolinas
A1: Consumo de gasolinas
H2: Unidad: miles de toneladas
B3: =INDICE!A3 -> 46265 | D3: Acumulado anual | F3: Últimos doce meses
B4: kt | C4: Tv (%)* | D4: kt | E4: Tv (%)* | F4: kt | G4: Tv (%)* | H4: Estructura (%)
A5: Gasolinas 95 I.O. | B5: 677.61732 | C5: 6.8708841 | D5: 4739.8466 | E5: 7.3287556 | F5: 6971.1837 | G5: 7.8841221 | H5: 94.807012
A6: Gasolinas 98 I.O. | B6: 35.73466 | C6: -5.0456614 | D6: 250.5397 | E6: -0.1848459 | F6: 376.31884 | G6: 2.4873131 | H6: 5.1178776
A7: Bioetanol | B7: 0.0349 | C7: 0 | D7: 0.09406 | E7: 602.46453 | F7: 0.11058 | G7: 725.84018 | H7: 0.0015038708
A8: Gasolinas Mezcla | B8: 0 | C8: 0 | D8: 0.04394 | E8: 40.070131 | F8: 0.04394 | G8: 7.8017664 | H8: 0.00059757716
A9: Subtotal gasolinas auto | B9: 713.38688 | C9: 6.2084143 | D9: 4990.5243 | E9: 6.9266026 | F9: 7347.657 | G9: 7.5953493 | H9: 99.926991
A10: Otras gasolinas | B10: 0.49845 | C10: -0.37973419 | D10: 3.77272 | E10: 4.1960456 | F10: 5.36835 | G10: 6.9081502 | H10: 0.073008724
A11: Total ** | B11: 713.88533 | C11: 6.2035104 | D11: 4994.297 | E11: 6.9244859 | F11: 7353.0254 | G11: 7.5948443 | H11: 100
A12: De los cuales:
A13: Bioetanol | B13: 13.15745 | C13: -49.145667 | D13: 129.18613 | E13: -19.372807 | F13: 194.98597 | G13: -15.766628 | H13: 2.6517788
A14: % en kt | B14: 1.8430761 | D14: 2.586673 | F14: 2.6517788
H15: Fuente: Cores
A16: * Tasas de variación con respecto al mismo periodo del año anterior.
A17: ** Incluye biocarburantes incluidos en gasolinas.
A18: '- igual que 0,0 / ^ distinto de 0,0
A19: El % bio en gasolinas y en gasóleos es un porcentaje en masa y no es representativo del cumplimiento del objetivo de incorporación de biocarburantes, que requiere, según la normativa vigente, una metodología más compleja.

Sheet GNA CCAA
A1: Consumo de gasolinas por Comunidades Autónomas *
H2: Unidad: miles de toneladas
B3: =INDICE!A3 -> 46265 | F3: Últimos doce meses
B4: 95 I.O. | C4: 98 I.O. | D4: Subtotal | F4: 95 I.O. | G4: 98 I.O. | H4: Subtotal
A5: Andalucía | B5: 107.71126 | C5: 4.53842 | D5: 112.24968 | F5: 1090.3716 | G5: 44.64294 | H5: 1135.0145
A6: Aragón | B6: 20.62145 | C6: 0.86334 | D6: 21.48479 | F6: 200.0149 | G6: 8.34477 | H6: 208.35967
A7: Asturias | B7: 13.41921 | C7: 0.6971 | D7: 14.11631 | F7: 120.22367 | G7: 6.93103 | H7: 127.1547
A8: Baleares | B8: 33.54607 | C8: 1.40703 | D8: 34.9531 | F8: 278.52291 | G8: 12.68832 | H8: 291.21123
A9: Canarias | B9: 39.88073 | C9: 7.33904 | D9: 47.21977 | F9: 461.70198 | G9: 97.30409 | H9: 559.00607
A10: Cantabria | B10: 11.54005 | C10: 0.45888 | D10: 11.99893 | F10: 96.35014 | G10: 3.83423 | H10: 100.18437
A11: Castilla y León | B11: 46.35357 | C11: 2.89372 | D11: 49.24729 | F11: 383.97747 | G11: 19.47534 | H11: 403.45281
A12: Castilla La Mancha | B12: 30.65635 | C12: 1.10271 | D12: 31.75906 | F12: 310.28833 | G12: 11.0121 | H12: 321.30043
A13: Cataluña | B13: 115.50615 | C13: 5.50297 | D13: 121.00912 | F13: 1229.1673 | G13: 56.707 | H13: 1285.8743
A14: Ceuta | B14: 0.54214 | C14: 0.07394 | D14: 0.61608 | F14: 6.12219 | G14: 0.80886 | H14: 6.93105
A15: C. Valenciana | B15: 80.47527 | C15: 3.13063 | D15: 83.6059 | F15: 806.34241 | G15: 32.57965 | H15: 838.92206
A16: Extremadura | B16: 14.587 | C16: 0.49446 | D16: 15.08146 | F16: 135.8342 | G16: 4.35516 | H16: 140.18936
... A24: Total nacional | B24: 677.61659 | C24: 35.73466 | D24: 713.35125 | F24: 6971.183 | G24: 376.31884 | H24: 7347.5018
H25: Fuente: Cores
A26: * No incluye gasolinas mezcla ni otras gasolinas.
A27: - igual que 0,0 / ^ mayor que 0,0

Sheet Consumo gasóleos
A1: Consumo de gasóleos
H2: Unidad: miles de toneladas
B3: =INDICE!A3 -> 46265 | D3: Acumulado anual | F3: Últimos doce meses
B4: kt | C4: Tv (%)* | D4: kt | E4: Tv (%)* | F4: kt | G4: Tv (%)* | H4: Estructura (%)
A5: Gasóleo A | B5: 1654.7732 | C5: -5.3759586 | D5: 14302.197 | E5: -1.7398848 | F5: 21574.636 | G5: -0.66002271 | H5: 71.527197
A6: Biodiesel | B6: 18.99141 | C6: -5.5614648 | D6: 166.68016 | E6: 20.772354 | F6: 248.6715 | G6: 40.557148 | H6: 0.8244299
A7: Biodiesel Mezcla | B7: 0 | C7: 0 | D7: 0 | E7: 0 | F7: 0.00776 | G7: -98.260246 | H7: 2.5727018e-05
A8: Subtotal gasóleos auto | B8: 1673.7646 | C8: -5.3780675 | D8: 14468.877 | E8: -1.5305938 | F8: 21823.316 | G8: -0.32896861 | H8: 72.351653
A9: Agrícola y pesca (B) | B9: 207.38032 | C9: -13.12651 | D9: 2325.9504 | E9: -5.3967748 | F9: 3671.4763 | G9: -3.6662151 | H9: 12.172183
A10: Calefacción (C) | B10: 38.51797 | C10: -13.828657 | D10: 732.60045 | E10: -7.1938646 | F10: 1210.6034 | G10: -2.5852213 | H10: 4.0135586
A11: Otros gasóleos | B11: 298.94998 | C11: -8.7359583 | D11: 2272.5174 | E11: -4.3888139 | F11: 3457.4479 | G11: 0.39744076 | H11: 11.462606
A12: Total ** | B12: 2218.6129 | C12: -6.7761806 | D12: 19799.945 | E12: -2.5527866 | F12: 30162.843 | G12: -0.7573976 | H12: 100
A13: De los cuales:
A14: Biocarburantes | B14: 114.16351 | C14: -32.054617 | D14: 1052.528 | E14: -16.376409 | F14: 1747.5977 | G14: -5.0394586 | H14: 5.7938759
A15: % en kt de gasóleos auto | B15: 6.8207626 | D15: 7.2744276 | F15: 8.0079386
A16: Navegación Marítima Internacional | B16: 185.48172 | C16: -8.3500992 | D16: 1379.1206 | E16: -7.3627479 | F16: 2105.5686 | G16: 0.0056225504 | H16: 6.9806701
H17: Fuente: Cores
A18: * Tasas de variación con respecto al mismo periodo del año anterior.
A19: ** Incluye biocarburantes y bunkers para la navegación marítima internacional desglosados en líneas siguientes.
A20: '- igual que 0,0 / ^ distinto de 0,0
A21: El % bio en gasolinas y en gasóleos es un porcentaje en masa y no es representativo del cumplimiento del objetivo de incorporación de biocarburantes, que requiere, según la normativa vigente, una metodología más compleja.

Sheet GO CCAA
A1: Consumo de gasóleos por Comunidades Autónomas *
J2: Unidad: miles de toneladas
B3: =INDICE!A3 -> 46265 | D3: =INDICE!C3 -> 0 | G3: Últimos doce meses
B4: A | C4: B | D4: C | E4: Subtotal | G4: A | H4: B | I4: C | J4: Subtotal
A5: Andalucía | B5: 272.12468 | C5: 43.61308 | D5: 1.58122 | E5: 317.31898 | G5: 3472.9829 | H5: 652.8618 | I5: 66.87278 | J5: 4192.7175
A6: Aragón | B6: 61.8964 | C6: 13.86261 | D6: 1.35708 | E6: 77.11609 | G6: 809.90655 | H6: 257.11626 | I6: 82.83535 | J6: 1149.8582
A7: Asturias | B7: 32.46089 | C7: 4.38609 | D7: 0.84422 | E7: 37.6912 | G7: 380.26851 | H7: 72.84781 | I7: 31.47458 | J7: 484.5909
A8: Baleares | B8: 32.47885 | C8: 3.48169 | D8: 17.67732 | E8: 53.63786 | G8: 329.43701 | H8: 43.76128 | I8: 148.67396 | J8: 521.87225
A9: Canarias | B9: 49.5922 | C9: 0 | D9: 0 | E9: 49.5922 | G9: 629.06967 | H9: 0 | I9: 0 | J9: 629.06967
A10: Cantabria | B10: 25.70636 | C10: 2.68991 | D10: 0.02077 | E10: 28.41704 | G10: 291.46598 | H10: 52.96083 | I10: 1.17211 | J10: 345.59892
A11: Castilla y León | B11: 138.69097 | C11: 24.69849 | D11: 3.07283 | E11: 166.46229 | G11: 1688.6471 | H11: 549.0026 | I11: 159.27927 | J11: 2396.929
A12: Castilla La Mancha | B12: 93.14502 | C12: 22.87879 | D12: 1.6896 | E12: 117.71341 | G12: 1247.31 | H12: 439.50146 | I12: 115.69074 | J12: 1802.5022
A13: Cataluña | B13: 269.66352 | C13: 22.05733 | D13: 2.0101 | E13: 293.73095 | G13: 3596.0871 | H13: 436.93931 | I13: 100.37312 | J13: 4133.3995
A14: Ceuta | B14: 3.89724 | C14: 0 | D14: 0 | E14: 3.89724 | G14: 16.39053 | H14: 0 | I14: 0.4129 | J14: 16.80343
A15: C. Valenciana | B15: 151.36877 | C15: 14.34782 | D15: 1.02089 | E15: 166.73748 | G15: 2006.647 | H15: 222.15245 | I15: 42.64877 | J15: 2271.4482
A16: Extremadura | B16: 56.36585 | C16: 9.47187 | D16: 0.24076 | E16: 66.07848 | G16: 690.57827 | H16: 140.80939 | I16: 12.66897 | J16: 844.05663
... A24: Total nacional | B24: 1654.7731 | C24: 207.38032 | D24: 38.51797 | E24: 1900.6714 | G24: 21574.636 | H24: 3671.4763 | I24: 1210.6034 | J24: 26456.716
J25: Fuente: Cores
A26: * No incluye otros gasóleos de automoción ni otros gasóleos
A27: - igual que 0,0 / ^ mayor que 0,0

Sheet Consumo Combustibles Auto
A1: Consumo de combustibles de automoción
H2: Unidad: miles de toneladas
B3: =INDICE!A3 -> 46265 | D3: Acumulado anual | F3: Últimos doce meses
B4: kt | C4: Tv (%)* | D4: kt | E4: Tv (%)* | F4: kt | G4: Tv (%)* | H4: Estructura (%)
A5: Gasolinas 95 I.O. | B5: 677.61732 | C5: 6.8708841 | D5: 4739.8466 | E5: 7.3287556 | F5: 6971.1837 | G5: 7.8841221 | H5: 23.897673
A6: Gasolinas 98 I.O. | B6: 35.73466 | C6: -5.0456614 | D6: 250.5397 | E6: -0.1848459 | F6: 376.31884 | G6: 2.4873131 | H6: 1.2900456
A7: Otras gasolinas de automoción ** | B7: 0.0349 | C7: 0 | D7: 0.138 | E7: 208.31099 | F7: 0.15452 | G7: 185.35549 | H7: 0.00052970465
A8: Total gasolinas auto | B8: 713.38688 | C8: 6.2084143 | D8: 4990.5243 | E8: 6.9266026 | F8: 7347.657 | G8: 7.5953493 | H8: 25.188248
A9: Gasóleo A | B9: 1654.7732 | C9: -5.3759586 | D9: 14302.197 | E9: -1.7398848 | F9: 21574.636 | G9: -0.66002271 | H9: 73.959263
A10: Otros gasóleos de automoción *** | B10: 18.99141 | C10: -5.5614648 | D10: 166.68016 | E10: 20.490875 | F10: 248.67926 | G10: 40.208047 | H10: 0.85248875
A11: Total gasóleos auto | B11: 1673.7646 | C11: -5.3780675 | D11: 14468.877 | E11: -1.5305938 | F11: 21823.316 | G11: -0.32896861 | H11: 74.811752
A12: Total combustibles auto | B12: 2387.1515 | C12: -2.1892901 | D12: 19459.401 | E12: 0.50813071 | F12: 29170.973 | G12: 1.5549735 | H12: 100
A13: Total | B13: 5015.0791 | D13: 40139.538 | F13: 60400.869
A14: Combustibles Auto/S.Total (%) | B14: 47.599479 | D14: 48.479386 | F14: 48.295617
H15: Fuente: Cores
A16: * Tasas de variación con respecto al mismo periodo del año anterior.
A17: ** Bioetanol puro + bioetanol mezcla.
A18: *** Biodiésel puro + biodiésel mezcla.
A19: '- igual que 0,0 / ^ distinto de 0,0

Sheet Bios
A1: Biocarburantes en gasolinas y gasóleos
M2: Unidad: miles de toneladas
B3: 2025 | F3: 2026
B4: 45930 | C4: 45961 | D4: 45991 | E4: 46022 | F4: 46053 | G4: 46081 | H4: 46112 | I4: 46142 | J4: 46173 | K4: 46203 | L4: 46234 | M4: 46265
A5: Bioetanol | B5: 16.66521 | C5: 16.30159 | D5: 14.76884 | E5: 18.0642 | F5: 14.63478 | G5: 12.64678 | H5: 19.64387 | I5: 20.00906 | J5: 16.83302 | K5: 19.38286 | L5: 12.87831 | M5: 13.15745
A6: Biocarburantes * | B6: 162.55811 | C6: 179.97846 | D6: 158.43024 | E6: 194.10292 | F6: 122.46847 | G6: 115.36847 | H6: 167.44419 | I6: 133.45915 | J6: 112.76001 | K6: 161.41894 | L6: 125.44525 | M6: 114.16351
L7: Fuente: Cores
A8: * Incluye Biodiesel y HVO

Sheet Tv año móvil cons. auto
A1: Tasa de variación año móvil del consumo de combustibles de automoción (%)
B3: 2024 | C3: 2025 | D3: 2026
A4: Enero | B4: 0.23957194 | C4: 1.6135493 | D4: 2.4643766
A5: Febrero | B5: 0.69564962 | C5: 1.4114197 | D5: 2.3771115
A6: Marzo | B6: -0.24774774 | C6: 1.6862454 | D6: 2.8258395
A7: Abril | B7: 0.9436265 | C7: 1.1503037 | D7: 2.5904833
A8: Mayo | B8: 1.3375221 | C8: 0.83945485 | D8: 2.1967572
A9: Junio | B9: 0.72929169 | C9: 1.9980356 | D9: 2.14412
A10: Julio | B10: 0.73253607 | C10: 2.6291912 | D10: 1.5185133
A11: Agosto | B11: 1.6247906 | C11: 1.8478808 | D11: 1.5549735
A12: Septiembre | B12: 1.9193909 | C12: 2.0749307
A13: Octubre | B13: 1.9205581 | C13: 2.3379717
A14: Noviembre | B14: 1.649637 | C14: 2.4490193
A15: Diciembre | B15: 2.5277013 | C15: 2.6163738
D16: Fuente: Cores

Sheet Consumo Comb. Auto Canales
A1: Consumo de combustibles de automoción por canales
G2: Unidad: miles de toneladas
B3: =INDICE!A3 -> 46265 | D3: Acumulado anual | F3: Últimos doce meses
B4: Estaciones de servicio | C4: Extra Red | D4: Estaciones de servicio | E4: Extra Red | F4: Estaciones de servicio | G4: Extra Red
A5: Gasolinas automoción | B5: 683.20749 | C5: 30.17866 | D5: 4794.8815 | E5: 195.64207 | F5: 7063.0002 | G5: 284.65614
A6: Gasóleos de Automoción | B6: 1305.4347 | C6: 368.32977 | D6: 11209.455 | E6: 3259.4222 | F6: 16892.56 | G6: 4930.7555
A7: Total | B7: 1988.6422 | C7: 398.50843 | D7: 16004.336 | E7: 3455.0643 | F7: 23955.56 | G7: 5215.4117
G8: Fuente: Cores
A9: Nota: Extra Red incluye consumidor final + distribuidores.
A10: - igual que 0,0 / ^ mayor que 0,0

Sheet Consumo Comb. Auto CCAA
A1: Consumo de combustibles de automoción por Comunidades Autónomas *
J2: Unidad: miles de toneladas
B3: =INDICE!A3 -> 46265 | D3: =INDICE!C3 -> 0 | G3: Últimos doce meses
B4: 95 I.O. | C4: 98 I.O. | D4: Gasóleo A | E4: Subtotal | G4: 95 I.O. | H4: 98 I.O. | I4: Gasóleo A | J4: Subtotal
A5: Andalucía | B5: ='GNA CCAA'!B5 -> 107.71126 | C5: ='GNA CCAA'!C5 -> 4.53842 | D5: ='GO CCAA'!B5 -> 272.12468 | E5: =SUM(B5:D5) -> 384.37436 | G5: ='GNA CCAA'!F5 -> 1090.3716 | H5: ='GNA CCAA'!G5 -> 44.64294 | I5: ='GO CCAA'!G5 -> 3472.9829 | J5: =SUM(G5:I5) -> 4607.9974
A6: Aragón | B6: ='GNA CCAA'!B6 -> 20.62145 | C6: ='GNA CCAA'!C6 -> 0.86334 | D6: ='GO CCAA'!B6 -> 61.8964 | E6: =SUM(B6:D6) -> 83.38119 | G6: ='GNA CCAA'!F6 -> 200.0149 | H6: ='GNA CCAA'!G6 -> 8.34477 | I6: ='GO CCAA'!G6 -> 809.90655 | J6: =SUM(G6:I6) -> 1018.2662
A7: Asturias | B7: ='GNA CCAA'!B7 -> 13.41921 | C7: ='GNA CCAA'!C7 -> 0.6971 | D7: ='GO CCAA'!B7 -> 32.46089 | E7: =SUM(B7:D7) -> 46.5772 | G7: ='GNA CCAA'!F7 -> 120.22367 | H7: ='GNA CCAA'!G7 -> 6.93103 | I7: ='GO CCAA'!G7 -> 380.26851 | J7: =SUM(G7:I7) -> 507.42321
A8: Baleares | B8: ='GNA CCAA'!B8 -> 33.54607 | C8: ='GNA CCAA'!C8 -> 1.40703 | D8: ='GO CCAA'!B8 -> 32.47885 | E8: =SUM(B8:D8) -> 67.43195 | G8: ='GNA CCAA'!F8 -> 278.52291 | H8: ='GNA CCAA'!G8 -> 12.68832 | I8: ='GO CCAA'!G8 -> 329.43701 | J8: =SUM(G8:I8) -> 620.64824
A9: Canarias | B9: ='GNA CCAA'!B9 -> 39.88073 | C9: ='GNA CCAA'!C9 -> 7.33904 | D9: ='GO CCAA'!B9 -> 49.5922 | E9: =SUM(B9:D9) -> 96.81197 | G9: ='GNA CCAA'!F9 -> 461.70198 | H9: ='GNA CCAA'!G9 -> 97.30409 | I9: ='GO CCAA'!G9 -> 629.06967 | J9: =SUM(G9:I9) -> 1188.0757
A10: Cantabria | B10: ='GNA CCAA'!B10 -> 11.54005 | C10: ='GNA CCAA'!C10 -> 0.45888 | D10: ='GO CCAA'!B10 -> 25.70636 | E10: =SUM(B10:D10) -> 37.70529 | G10: ='GNA CCAA'!F10 -> 96.35014 | H10: ='GNA CCAA'!G10 -> 3.83423 | I10: ='GO CCAA'!G10 -> 291.46598 | J10: =SUM(G10:I10) -> 391.65035
A11: Castilla y León | B11: ='GNA CCAA'!B11 -> 46.35357 | C11: ='GNA CCAA'!C11 -> 2.89372 | D11: ='GO CCAA'!B11 -> 138.69097 | E11: =SUM(B11:D11) -> 187.93826 | G11: ='GNA CCAA'!F11 -> 383.97747 | H11: ='GNA CCAA'!G11 -> 19.47534 | I11: ='GO CCAA'!G11 -> 1688.6471 | J11: =SUM(G11:I11) -> 2092.1
A12: Castilla La Mancha | B12: ='GNA CCAA'!B12 -> 30.65635 | C12: ='GNA CCAA'!C12 -> 1.10271 | D12: ='GO CCAA'!B12 -> 93.14502 | E12: =SUM(B12:D12) -> 124.90408 | G12: ='GNA CCAA'!F12 -> 310.28833 | H12: ='GNA CCAA'!G12 -> 11.0121 | I12: ='GO CCAA'!G12 -> 1247.31 | J12: =SUM(G12:I12) -> 1568.6104
A13: Cataluña | B13: ='GNA CCAA'!B13 -> 115.50615 | C13: ='GNA CCAA'!C13 -> 5.50297 | D13: ='GO CCAA'!B13 -> 269.66352 | E13: =SUM(B13:D13) -> 390.67264 | G13: ='GNA CCAA'!F13 -> 1229.1673 | H13: ='GNA CCAA'!G13 -> 56.707 | I13: ='GO CCAA'!G13 -> 3596.0871 | J13: =SUM(G13:I13) -> 4881.9614
A14: Ceuta | B14: ='GNA CCAA'!B14 -> 0.54214 | C14: ='GNA CCAA'!C14 -> 0.07394 | D14: ='GO CCAA'!B14 -> 3.89724 | E14: =SUM(B14:D14) -> 4.51332 | G14: ='GNA CCAA'!F14 -> 6.12219 | H14: ='GNA CCAA'!G14 -> 0.80886 | I14: ='GO CCAA'!G14 -> 16.39053 | J14: =SUM(G14:I14) -> 23.32158
A15: C. Valenciana | B15: ='GNA CCAA'!B15 -> 80.47527 | C15: ='GNA CCAA'!C15 -> 3.13063 | D15: ='GO CCAA'!B15 -> 151.36877 | E15: =SUM(B15:D15) -> 234.97467 | G15: ='GNA CCAA'!F15 -> 806.34241 | H15: ='GNA CCAA'!G15 -> 32.57965 | I15: ='GO CCAA'!G15 -> 2006.647 | J15: =SUM(G15:I15) -> 2845.5691
A16: Extremadura | B16: ='GNA CCAA'!B16 -> 14.587 | C16: ='GNA CCAA'!C16 -> 0.49446 | D16: ='GO CCAA'!B16 -> 56.36585 | E16: =SUM(B16:D16) -> 71.44731 | G16: ='GNA CCAA'!F16 -> 135.8342 | H16: ='GNA CCAA'!G16 -> 4.35516 | I16: ='GO CCAA'!G16 -> 690.57827 | J16: =SUM(G16:I16) -> 830.76763
... A24: Total nacional | B24: ='GNA CCAA'!B24 -> 677.61659 | C24: ='GNA CCAA'!C24 -> 35.73466 | D24: ='GO CCAA'!B24 -> 1654.7731 | E24: =SUM(B24:D24) -> 2368.1244 | G24: ='GNA CCAA'!F24 -> 6971.183 | H24: ='GNA CCAA'!G24 -> 376.31884 | I24: ='GO CCAA'!G24 -> 21574.636 | J24: =SUM(G24:I24) -> 28922.138
J25: Fuente: Cores
A26: * No incluye gasolinas mezcla ni otros gasóleos de automoción
A27: - igual que 0,0 / ^ mayor que 0,0

Sheet Consumo Querosenos
A1: Consumo de querosenos
H2: Unidad: miles de toneladas
B3: =INDICE!A3 -> 46265 | D3: Acumulado anual | F3: Últimos doce meses
B4: kt | C4: Tv (%)* | D4: kt | E4: Tv (%)* | F4: kt | G4: Tv (%)* | H4: Estructura (%)
A5: Aviación | B5: 799.01338 | C5: 5.4012153 | D5: 5357.34 | E5: 4.505317 | F5: 7975.1973 | G5: 4.5569214 | H5: 99.9991
A6: Otros | B6: 0.00836 | C6: 386.04651 | D6: 0.05512 | E6: 8.7179487 | F6: 0.07178 | G6: -7.8088877 | H6: 0.00090003233
A7: Total | B7: 799.02174 | C7: 5.4020789 | D7: 5357.3951 | E7: 4.5053586 | F7: 7975.2691 | G7: 4.5567952 | H7: 100
H8: Fuente: Cores
A9: * Tasas de variación con respecto al mismo periodo del año anterior.
A10: - igual que 0,0 / ^ distinto de 0,0

Sheet Consumo Fuelóleos
A1: Consumo de fuelóleos
H2: Unidad: miles de toneladas
B3: =INDICE!A3 -> 46265 | D3: Acumulado anual | F3: Últimos doce meses
B4: kt | C4: Tv (%)* | D4: kt | E4: Tv (%)* | F4: kt | G4: Tv (%)* | H4: Estructura (%)
A5: BIA | B5: 195.55823 | C5: -0.18379089 | D5: 1500.5414 | E5: -10.353927 | F5: 2294.3173 | G5: -8.8064888 | H5: 29.033411
A6: Otros fuelóleos | B6: 549.29241 | C6: 30.20342 | D6: 3772.934 | E6: 9.9260953 | F6: 5608.0174 | G6: 3.1712148 | H6: 70.966589
A7: Total fuelóleos ** | B7: 744.85064 | C7: 20.566807 | D7: 5273.4754 | E7: 3.2780175 | F7: 7902.3348 | G7: -0.61855637 | H7: 100
A8: Navegación Marítima Internacional | B8: 625.77808 | C8: 26.718632 | D8: 4427.6755 | E8: 3.6232222 | F8: 6628.3299 | G8: -0.91461513 | H8: 83.878121
H9: Fuente: Cores
A10: * Tasas de variación con respecto al mismo periodo del año anterior.
A11: ** Incluye bunkers para la navegación marítima internacional desglosados en línea siguiente.
A12: - igual que 0,0 / ^ distinto de 0,0

Sheet FO CCAA
A1: Consumo de fuelóleo BIA por Comunidades Autónomas
C2: Unidad: miles de toneladas
B3: =INDICE!A3 -> 46265 | C3: Últimos doce meses
A4: Andalucía | B4: 29.70417 | C4: 309.25673
A5: Aragón | B5: 0.02678 | C5: 1.30712
A6: Asturias | B6: 1.30682 | C6: 7.98682
A7: Baleares | B7: 0 | C7: 0
A8: Canarias | B8: 144.27139 | C8: 1636.7588
A9: Cantabria | B9: 0.01702 | C9: 4.00898
A10: Castilla y León | B10: 0.58796 | C10: 7.30934
A11: Castilla La Mancha | B11: 0.15071 | C11: 2.43325
A12: Cataluña | B12: 9.49511 | C12: 175.59013
A13: Ceuta | B13: - | C13: 35.687
A14: C. Valenciana | B14: 0.16132 | C14: 3.2319
A15: Extremadura | B15: 0.25266 | C15: 3.44714
A16: Galicia | B16: 2.75127 | C16: 47.07718
A17: La Rioja | B17: 0.03904 | C17: 0.57608
A18: Madrid | B18: 0.18788 | C18: 3.49902
A19: Melilla | B19: 5.933 | C19: 47.515
A20: Murcia | B20: 0.21826 | C20: 2.32127
A21: Navarra | B21: 0.29788 | C21: 3.30224
A22: País Vasco | B22: 0.15696 | C22: 3.00936
A23: Total nacional | B23: 195.55823 | C23: 2294.3173
C24: Fuente: Cores
A25: - igual que 0,0 / ^ mayor que 0,0

Sheet Consumo Otros Productos
A1: Consumo de otros productos
H2: Unidad: miles de toneladas
B3: =INDICE!A3 -> 46265 | D3: Acumulado anual | F3: Últimos doce meses
B4: kt | C4: Tv (%)* | D4: kt | E4: Tv (%)* | F4: kt | G4: Tv (%)* | H4: Estructura (%)
A5: Lubricantes ** | B5: 23.403571 | C5: -2.8579753 | D5: 293.96761 | E5: 3.4465618 | F5: 438.88362 | G5: 3.5984895 | H5: 8.6455221
A6: Asfaltos | B6: 73.755 | C6: 30.017452 | D6: 725.521 | E6: 32.988667 | F6: 1073.433 | G6: 25.560642 | H6: 21.145443
A7: Coque | B7: 96.571 | C7: 4.6726642 | D7: 662.951 | E7: -7.6741925 | F7: 1054.2794 | G7: -5.7931349 | H7: 20.768138
A8: Otros *** | B8: 207.34143 | C8: 10.915207 | D8: 1825.4764 | E8: 16.247607 | F8: 2509.831 | G8: -0.23722061 | H8: 49.440896
A9: Total otros productos | B9: 401.071 | C9: 11.40366 | D9: 3507.916 | E9: 12.501175 | F9: 5076.427 | G9: 3.3167253 | H9: 100
H10: Fuente: Cores
A11: * Tasas de variación con respecto al mismo periodo del año anterior.
A12: ** Datos provisionales
A13: *** Incluye naftas, condensados, parafinas, disolventes y otros.
A14: - igual que 0,0 / ^ distinto de 0,0

Sheet Impor Crudo
A1: Importaciones de crudo por países y zonas económicas
I2: Unidad: miles de toneladas
A3: Áreas | B3: Países | C3: =INDICE!A3 -> 46265 | E3: Acumulado anual | G3: Últimos doce meses
C4: kt | D4: TV (%)* | E4: kt | F4: TV (%)* | G4: kt | H4: TV (%)* | I4: Estructura (%)
B5: Canadá | C5: 0 | D5: -100 | E5: 1122.4454 | F5: -37.121616 | G5: 2772.0419 | H5: 22.016833 | I5: 4.5230654
B6: Estados Unidos | C6: 631.80398 | D6: -25.962227 | E6: 5608.2277 | F6: -7.0322019 | G6: 8909.9472 | H6: -2.0198587 | I6: 14.538118
B7: México | C7: 648.3206 | D7: 5.9801472 | E7: 4908.7814 | F7: -7.6765738 | G7: 7160.443 | H7: -16.318144 | I7: 11.6835
A8: América del Norte | C8: 1280.1246 | D8: -23.381084 | E8: 11639.454 | F8: -11.382495 | G8: 18842.432 | H8: -5.4200303 | I8: 30.744684
B9: Brasil | C9: 549.63833 | D9: -22.114134 | E9: 4083.7985 | F9: -32.608191 | G9: 6381.2632 | H9: -29.756794 | I9: 10.412134
B10: Guyana | C10: 146.70619 | D10: -46.924201 | E10: 1387.3316 | F10: 10.99263 | G10: 2360.6733 | H10: 14.144847 | I10: 3.8518464
B11: Venezuela | C11: 640.64579 | D11: - | E11: 2323.6169 | F11: 211.89728 | G11: 2323.6169 | H11: 34.152483 | I11: 3.7913824
A12: América Central y del Sur | C12: 1336.9903 | D12: 36.135037 | E12: 7794.747 | F12: -3.2274689 | G12: 11065.553 | H12: -14.118904 | I12: 18.055362
B13: Albania | C13: 18.287 | D13: -52.484625 | E13: 116.38024 | F13: -59.211058 | G13: 226.30605 | H13: -38.878933 | I13: 0.36925742
B14: Azerbaiyán | C14: 0 | D14: - | E14: 214.84114 | F14: - | G14: 297.45527 | H14: 75.696421 | I14: 0.48534967
B15: Italia | C15: 0 | D15: -100 | E15: 104.66938 | F15: -68.184454 | G15: 265.06266 | H15: -52.657132 | I15: 0.43249553
B16: Kazajistán | C16: 395.11752 | D16: 82.864255 | E16: 2726.55 | F16: 67.441662 | G16: 3731.6286 | H16: 41.888853 | I16: 6.0887968
B17: Noruega | C17: 0 | D17: - | E17: 56.72312 | F17: -76.328221 | G17: 410.29047 | H17: -22.462818 | I17: 0.66945979
B18: Reino Unido | C18: 0 | D18: - | E18: 350.12213 | F18: 71.664023 | G18: 709.56046 | H18: 167.12556 | I18: 1.1577705
A19: Europa y Euroasia | C19: 413.40452 | D19: 46.11965 | E19: 3569.2861 | F19: 32.872418 | G19: 5640.3035 | H19: 24.670035 | I19: 9.2031297
B20: Arabia Saudí | C20: 245.85312 | D20: -32.830368 | E20: 1801.6734 | F20: -25.727684 | G20: 2981.503 | H20: -12.221515 | I20: 4.8648373
B21: EAU | C21: 132.34987 | D21: - | E21: 132.34987 | F21: - | G21: 132.34987 | H21: - | I21: 0.21595168
B22: Irak | C22: 0 | D22: -100 | E22: 1027.413 | F22: -37.083228 | G22: 2361.9851 | H22: 4.2568831 | I22: 3.8539867
A23: Oriente Medio | C23: 378.20299 | D23: -44.084327 | E23: 2961.4362 | F23: -27.035552 | G23: 5475.8379 | H23: -3.2907415 | I23: 8.9347757
B24: Angola | C24: 269.27573 | D24: 95.069555 | E24: 1420.6346 | F24: 39.50739 | G24: 1958.4151 | H24: 8.380367 | I24: 3.1954926
B25: Argelia | C25: 398.661 | D25: 62.293771 | E25: 2410.5508 | F25: 0.36842911 | G25: 3760.1466 | H25: 22.403449 | I25: 6.1353289
B26: Camerún | C26: 0 | D26: - | E26: 264.67792 | F26: 242.75967 | G26: 264.67792 | H26: 242.75967 | I26: 0.43186776
B27: Costa de Marfil | C27: 0 | D27: - | E27: 69.17916 | F27: 0.85007823 | G27: 69.17916 | H27: 0.85007823 | I27: 0.11287775
B28: Egipto | C28: 0 | D28: -100 | E28: 0 | F28: -100 | G28: 0 | H28: -100 | I28: 0
B29: Gabón | C29: 0 | D29: - | E29: 121.07191 | F29: -58.1451 | G29: 121.07191 | H29: -70.529695 | I29: 0.19754974
B30: Ghana | C30: 0 | D30: - | E30: 242.53299 | F30: 95.474404 | G30: 242.53299 | H30: 95.474404 | I30: 0.39573448
B31: Guinea Ec. | C31: 0 | D31: - | E31: 417.96937 | F31: -39.454857 | G31: 697.39277 | H31: -49.620529 | I31: 1.1379168
B32: Libia | C32: 593.2261 | D32: 51.428268 | E32: 4149.5266 | F32: 23.704667 | G32: 5234.916 | H32: 20.816973 | I32: 8.54167
B33: Nigeria | C33: 1035.0712 | D33: 90.732271 | E33: 4743.1403 | F33: 24.82724 | G33: 7179.6644 | H33: 23.78974 | I33: 11.714863
B34: Senegal | C34: 0 | D34: -100 | E34: 269.56354 | F34: -33.107121 | G34: 666.73314 | H34: 65.451527 | I34: 1.0878903
B35: Túnez | C35: 0 | D35: - | E35: 45.26964 | F35: 97.005081 | G35: 67.9408 | H35: 48.638532 | I35: 0.11085715
A36: África | C36: 2296.234 | D36: 50.51177 | E36: 14154.117 | F36: 14.879483 | G36: 20262.671 | H36: 15.150884 | I36: 33.062049
A37: Total | C37: 5704.9564 | D37: 11.039009 | E37: 40119.04 | F37: -0.33780925 | G37: 61286.798 | H37: 1.150127 | I37: 100
A38: OPEP | C38: 2913.4572 | D38: 56.936233 | E38: 16994.962 | F38: 10.794394 | G38: 24660.297 | H38: 10.119668 | I38: 40.237535
A39: No-OPEP | C39: 2791.4992 | D39: -14.927956 | E39: 23124.078 | F39: -7.1912405 | G39: 36626.501 | H39: -4.1086829 | I39: 59.762465
A40: OCDE | C40: 1280.1246 | D40: -24.660098 | E40: 12150.969 | F40: -12.627309 | G40: 20227.346 | H40: -4.9327571 | I40: 33.00441
A41: No-OCDE | C41: 4424.8319 | D41: 28.678863 | E41: 27968.071 | F41: 6.1488674 | G41: 41059.452 | H41: 4.4422857 | I41: 66.99559
A42: UE | C42: 0 | D42: -100 | E42: 104.66938 | F42: -68.184454 | G42: 265.06266 | H42: -52.657132 | I42: 0.43249553
I43: Fuente: Cores
A44: * Tasas de variación con respecto al mismo periodo del año anterior.
A45: - igual que 0,0 / ^ distinto de 0,0

Sheet Coste CIF
A1: Coste CIF del crudo importado en España
G2: Unidad: € por barril
B3: =INDICE!A3 -> 46265 | D3: Acumulado anual | F3: Últimos doce meses
B4: €/Bbl | C4: TV (%)* | D4: €/Bbl | E4: TV (%)* | F4: €/Bbl | G4: TV (%)*
A5: Coste CIF | B5: 78.117138 | C5: 29.620676 | D5: 79.74149 | E5: 22.968975 | F5: 72.203942 | G5: 8.9294213
G6: Fuente: Cores
A7: * Tasas de variación con respecto al mismo período del año anterior.

Sheet imp-exp PP
A1: Importaciones y exportaciones de productos petrolíferos por productos
H2: Unidad: miles de toneladas
B3: =INDICE!A3 -> 46265 | D3: Acumulado anual | F3: Últimos doce meses
B4: kt | C4: TV (%)* | D4: kt | E4: TV (%)* | F4: kt | G4: TV (%)* | H4: Estructura (%)
A5: Importaciones
A6: GLP´s | B6: 75.409 | C6: -24.470909 | D6: 531.159 | E6: -1.2194169 | F6: 947.309 | G6: 8.3858973 | H6: 4.5164014
A7: Gasolinas | B7: 142.609 | C7: -37.920242 | D7: 752.23 | E7: -55.487189 | F7: 1749.4 | G7: -11.810284 | H7: 8.3404597
A8: Querosenos | B8: 301.058 | C8: 38.235065 | D8: 1853.735 | E8: 18.319483 | F8: 2612.38 | G8: 21.595292 | H8: 12.454813
A9: Gasóleos | B9: 382.592 | C9: -44.435682 | D9: 4482.268 | E9: -19.236421 | F9: 6948.383 | G9: -17.813382 | H9: 33.127191
A10: Fuelóleos | B10: 598.812 | C10: 27.834647 | D10: 3943.498 | E10: -6.449474 | F10: 6166.795 | G10: -0.93479728 | H10: 29.400883
A11: Otros productos | B11: 158.581 | C11: -36.662353 | D11: 1727.554 | E11: 10.903299 | F11: 2550.596 | G11: 14.98769 | H11: 12.160251
A12: Total Importaciones | B12: 1659.061 | C12: -15.124737 | D12: 13290.444 | E12: -12.084516 | F12: 20974.863 | G12: -4.2403079 | H12: 100
A13: Exportaciones
A14: GLP´s | B14: 56.941 | C14: -3.2684957 | D14: 367.204 | E14: 7.445305 | F14: 513.145 | G14: 0.67174003 | H14: 2.5484093
A15: Gasolinas | B15: 202.676 | C15: -57.454437 | D15: 2445.1 | E15: -28.428752 | F15: 4448.932 | G15: -2.7915571 | H15: 22.094534
A16: Querosenos | B16: 34.108 | C16: -5.0894621 | D16: 507.688 | E16: 28.401506 | F16: 658.689 | G16: 32.688647 | H16: 3.2712181
A17: Gasóleos | B17: 666.46 | C17: 4.7669052 | D17: 4075.245 | E17: -3.3859814 | F17: 6688.41 | G17: -3.1083677 | H17: 33.216355
A18: Fuelóleos | B18: 154.143 | C18: -46.719736 | D18: 1527.343 | E18: -24.141632 | F18: 2599.441 | G18: -9.8412136 | H18: 12.909489
A19: Otros productos | B19: 584.092 | C19: 5.5245315 | D19: 3232.762 | E19: -9.8545716 | F19: 5227.277 | G19: 0.65585551 | H19: 25.959995
A20: Total Exportaciones | B20: 1698.42 | C20: -17.155538 | D20: 12155.342 | E20: -12.996597 | F20: 20135.894 | G20: -2.0732938 | H20: 100
A21: Saldo Exp.- Imp.
A22: GLP´s | B22: -18.468 | C22: -54.929715 | D22: -163.955 | E22: -16.331134 | F22: -434.164 | G22: 19.179564 | H22: n.a.
A23: Gasolinas | B23: 60.067 | C23: -75.647362 | D23: 1692.87 | E23: -1.9420782 | F23: 2699.532 | G23: 4.1078436 | H23: n.a.
A24: Querosenos | B24: -266.95 | C24: 46.796811 | D24: -1346.047 | E24: 14.916219 | F24: -1953.691 | G24: 18.261809 | H24: n.a.
A25: Gasóleos | B25: 283.868 | C25: -641.5158 | D25: -407.023 | E25: -69.438014 | F25: -259.973 | G25: -83.242868 | H25: n.a.
A26: Fuelóleos | B26: -444.669 | C26: 148.25062 | D26: -2416.155 | E26: 9.7278189 | F26: -3567.354 | G26: 6.7493166 | H26: n.a.
A27: Otros productos | B27: 425.511 | C27: 40.36828 | D27: 1505.208 | E27: -25.7952 | F27: 2676.681 | G27: -10.029646 | H27: n.a.
A28: Total Saldo Exp.-Imp. | B28: 39.359 | C28: -58.754428 | D28: -1135.102 | E28: -0.96694687 | F28: -838.969 | G28: -37.457396 | H28: n.a.
A29: * Tasas de variación con respecto al mismo período del año anterior. | H29: Fuente: Cores
A30: - igual que 0,0 / ^ distinto de 0,0
A31: n.a.: no aplica

Sheet imp-exp PP paises
A1: Importaciones y Exportaciones de productos petrolíferos por paises y areas geograficas
H2: Unidad: miles de toneladas
A3: Áreas | B3: Países | C3: =INDICE!A3 -> 46265 | D3: 41671 | E3: 41671 | F3: Últimos doce meses
C4: importación | D4: exportación | E4: saldo (E-I) | F4: importación | G4: exportación | H4: saldo (E-I)
B5: Canadá | C5: 0 | D5: 0 | E5: 0 | F5: 0 | G5: 201.62 | H5: 201.62
B6: Estados Unidos | C6: 115.818 | D6: 140.091 | E6: 24.273 | F6: 2287.679 | G6: 1468.481 | H6: -819.198
B7: México | C7: 0 | D7: 5.622 | E7: 5.622 | F7: 0 | G7: 47.722 | H7: 47.722
A8: América del Norte | C8: 115.818 | D8: 145.713 | E8: 29.895 | F8: 2287.679 | G8: 1717.823 | H8: -569.856
B9: Argentina | C9: 3.946 | D9: 0 | E9: -3.946 | F9: 53.888 | G9: 34.298 | H9: -19.59
B10: Brasil | C10: 0 | D10: 0 | E10: 0 | F10: 53.984 | G10: 318.829 | H10: 264.845
B11: Otros América | C11: 0 | D11: 0.004 | E11: 0.004 | F11: 49.598 | G11: 162.33 | H11: 112.732
A12: América Central y Sur | C12: 3.946 | D12: 0.004 | E12: -3.942 | F12: 157.47 | G12: 515.457 | H12: 357.987
B13: Alemania | C13: 4.387 | D13: 14.692 | E13: 10.305 | F13: 135.909 | G13: 200.096 | H13: 64.187
B14: Bélgica | C14: 41.367 | D14: 51.814 | E14: 10.447 | F14: 951.112 | G14: 533.139 | H14: -417.973
B15: Francia | C15: 73.016 | D15: 206.69 | E15: 133.674 | F15: 889.345 | G15: 2372.298 | H15: 1482.953
B16: Gibraltar | C16: 322.754 | D16: 64.195 | E16: -258.559 | F16: 2598.924 | G16: 1250.055 | H16: -1348.869
B17: Grecia | C17: 2.077 | D17: 36.305 | E17: 34.228 | F17: 340.017 | G17: 203.468 | H17: -136.549
B18: Italia | C18: 199.984 | D18: 146.361 | E18: -53.623 | F18: 3323.581 | G18: 1196.616 | H18: -2126.965
B19: Malta | C19: 12.965 | D19: 79.945 | E19: 66.98 | F19: 129.449 | G19: 692.23 | H19: 562.781
B20: Países Bajos | C20: 232.898 | D20: 100.876 | E20: -132.022 | F20: 2131.817 | G20: 789.598 | H20: -1342.219
B21: Portugal | C21: 22.201 | D21: 185.823 | E21: 163.622 | F21: 373.649 | G21: 2296.815 | H21: 1923.166
B22: Reino Unido | C22: 49.406 | D22: 50.08 | E22: 0.674 | F22: 478.669 | G22: 386.36 | H22: -92.309
B23: Turquía | C23: 30.017 | D23: 30.106 | E23: 0.089 | F23: 609.932 | G23: 321.575 | H23: -288.357
B24: Otros Europa | C24: 58.892 | D24: 65.225 | E24: 6.333 | F24: 911.669 | G24: 1043.522 | H24: 131.853
A25: Europa y Euroasia | C25: 1049.964 | D25: 1032.112 | E25: -17.852 | F25: 12874.073 | G25: 11285.772 | H25: -1588.301
B26: Arabia Saudí | C26: 57.282 | D26: 31.519 | E26: -25.763 | F26: 794.947 | G26: 243.774 | H26: -551.173
B27: Bahréin | C27: 0 | D27: 0 | E27: 0 | F27: 0 | G27: 124.886 | H27: 124.886
B28: EAU | C28: 0 | D28: 0.048 | E28: 0.048 | F28: 198.967 | G28: 53.772 | H28: -145.195
B29: Kuwait | C29: 0 | D29: 0 | E29: 0 | F29: 170.558 | G29: 0 | H29: -170.558
B30: Otros O. Medio | C30: 22.36 | D30: 0.014 | E30: -22.346 | F30: 333.377 | G30: 50.757 | H30: -282.62
A31: Oriente Medio | C31: 79.642 | D31: 31.581 | E31: -48.061 | F31: 1497.849 | G31: 473.189 | H31: -1024.66
B32: Argelia | C32: 70.54 | D32: 0 | E32: -70.54 | F32: 752.176 | G32: 8.096 | H32: -744.08
B33: Marruecos | C33: 0.049 | D33: 271.277 | E33: 271.228 | F33: 255.545 | G33: 2698.081 | H33: 2442.536
B34: Nigeria | C34: 72.855 | D34: 0 | E34: -72.855 | F34: 346.814 | G34: 403.19 | H34: 56.376
B35: Túnez | C35: 0 | D35: 11.048 | E35: 11.048 | F35: 47.027 | G35: 507.868 | H35: 460.841
B36: Otros África | C36: 32.864 | D36: 156.721 | E36: 123.857 | F36: 660.261 | G36: 2072.126 | H36: 1411.865
A37: África | C37: 176.308 | D37: 439.046 | E37: 262.738 | F37: 2061.823 | G37: 5689.361 | H37: 3627.538
B38: China | C38: 4.97 | D38: 35.804 | E38: 30.834 | F38: 133.924 | G38: 177.646 | H38: 43.722
B39: Corea del Sur | C39: 63.367 | D39: 0 | E39: -63.367 | F39: 201.201 | G39: 0.017 | H39: -201.184
B40: India | C40: 80.843 | D40: 0 | E40: -80.843 | F40: 564.084 | G40: 56.23 | H40: -507.854
B41: Malasia | C41: 1.544 | D41: 0 | E41: -1.544 | F41: 32.806 | G41: 63.276 | H41: 30.47
B42: Singapur | C42: 82.659 | D42: 0 | E42: -82.659 | F42: 1152.537 | G42: 142.822 | H42: -1009.715
B43: Otros Asia | C43: 0 | D43: 14.16 | E43: 14.16 | F43: 11.417 | G43: 14.301 | H43: 2.884
A44: Asia Pacífico | C44: 233.383 | D44: 49.964 | E44: -183.419 | F44: 2095.969 | G44: 454.292 | H44: -1641.677
A45: Total | C45: 1659.061 | D45: 1698.42 | E45: 39.359 | F45: 20974.863 | G45: 20135.894 | H45: -838.969
A46: OPEP | C46: 233.541 | D46: 31.567 | E46: -201.974 | F46: 2702.21 | G46: 848.022 | H46: -1854.188
A47: No-OPEP | C47: 1425.52 | D47: 1666.853 | E47: 241.333 | F47: 18272.653 | G47: 19287.872 | H47: 1015.219
A48: OCDE | C48: 856.91 | D48: 1019.271 | E48: 162.361 | F48: 12140.272 | G48: 10448.979 | H48: -1691.293
A49: No-OCDE | C49: 802.151 | D49: 679.149 | E49: -123.002 | F49: 8834.591 | G49: 9686.915 | H49: 852.324
A50: UE | C50: 619.02 | D50: 879.516 | E50: 260.496 | F50: 8706.352 | G50: 8877.621 | H50: 171.269
H51: Fuente: Cores
A52: - igual que 0,0 / ^ distinto de 0,0

Sheet produccion interior
A1: Producción interior de crudo
H2: Unidad: miles de toneladas
B3: =INDICE!A3 -> 46265 | D3: Acumulado anual | F3: Últimos doce meses
B4: kt | C4: TV (%)* | D4: kt | E4: TV (%)* | F4: kt | G4: TV (%)* | H4: Estructura(%)
A5: Viura ** | B5: 0.049 | C5: - | D5: 0.638 | E5: -22.94686 | F5: 1.108 | G5: -7.1669152 | H5: 100
A6: Total Crudo | B6: 0.049 | C6: - | D6: 0.638 | E6: -22.94686 | F6: 1.108 | G6: -7.1669152 | H6: 100
A7: Grado de autoabastecimiento (%) | B7: =B6/'Consumo PP'!B11*100 -> 0.00097705339 | D7: =D6/'Consumo PP'!D11*100 -> 0.0015894553 | F7: =F6/'Consumo PP'!F11*100 -> 0.0018344107
A8: * Tasas de variación con respecto al mismo periodo del año anterior | H8: Fuente: Cores
A9: ** Producción de condensado transformada a crudo equivalente.
A10: - igual que 0,0 / ^ distinto de 0,0

Sheet MP procesada
A1: Crudo y materias primas procesadas
G2: Unidad: miles de toneladas
B3: =INDICE!A3 -> 46265 | D3: Acumulado anual | F3: Últimos doce meses
B4: kt | C4: TV (%)* | D4: kt | E4: TV (%)* | F4: kt | G4: TV (%)*
A5: Total | B5: 5674.823 | C5: 3.1003187 | D5: 41432.158 | E5: 1.6079285 | F5: 63144.485 | G5: 2.3581719
G6: Fuente: Cores
A7: * Tasas de variación con respecto al mismo periodo del año anterior

Sheet Produccion bruta
A1: Produccion bruta de refinería
H2: Unidad: miles de toneladas
B3: =INDICE!A3 -> 46265 | D3: Acumulado anual | F3: Últimos doce meses
B4: kt | C4: Tv (%)* | D4: kt | E4: Tv (%)* | F4: kt | G4: Tv (%)* | H4: Estructura(%)
A5: Gases licuados del petróleo (GLP's) | B5: 86.51 | C5: -18.653853 | D5: 898.245 | E5: 12.054974 | F5: 1340.391 | G5: 7.0727267 | H5: 2.142353
A6: Gasolinas | B6: 961.662 | C6: 14.277328 | D6: 6959.567 | E6: 13.400874 | F6: 10455.953 | G6: 11.766502 | H6: 16.711797
A7: Querosenos | B7: 942.02 | C7: 6.4199704 | D7: 7071.859 | E7: 10.63315 | F7: 10543.44 | G7: 8.4806785 | H7: 16.851628
A8: Gasóleos | B8: 2286.647 | C8: 0.2977817 | D8: 16577.036 | E8: 1.1145265 | F8: 25485.278 | G8: 3.7582932 | H8: 40.733235
A9: Fuelóleos | B9: 385.047 | C9: 4.5993654 | D9: 2510.466 | E9: -2.2424001 | F9: 3766.164 | G9: -3.9799667 | H9: 6.0194769
A10: Otros productos ** | B10: 972 | C10: 0.40616981 | D10: 7164.034 | E10: -7.1620317 | F10: 10975.074 | G10: -6.3955422 | H10: 17.54151
A11: Total | B11: 5633.886 | C11: 3.3911857 | D11: 41181.207 | E11: 2.9273011 | F11: 62566.3 | G11: 3.3545704 | H11: 100
H12: Fuente: Cores
A13: * Tasas de variación con respecto al mismo período del año anterior
A14: ** Gas de refineria, nafta, coque y otros
A15: '- igual que 0,0 / ^ distinto de 0,0

Sheet Balance
A1: Balance de producción y consumo de productos petrolíferos
E2: Unidad: miles de toneladas
A3: =INDICE!A3 -> 46265 | B3: 41671 | C3: 41671 | D3: 41671 | E3: 41671
A4: Producción interior de crudo | B4: 0.049 | D4: Producción de refinerías | E4: 5633.886
A5: Importaciones de crudo | B5: 5704.956 | D5: Consumos propios | E5: -356.911
A6: Imp. de prod. intermedios y mat. auxiliares | B6: 103.124 | D6: Traspasos / diferencias estadísticas | E6: 94.04007
A7: Productos traspasados y otros | B7: 169.324 | D7: Importaciones de prod. petrolíferos | E7: 1659.061
A8: Variación de existencias de mat. primas | B8: -302.63 | D8: Exportaciones de prod. petrolíferos | E8: -1698.42
A9: Materia prima procesada | B9: 5674.823 | D9: Variación de existencias | E9: -316.577
A10: Pérdidas de refino | B10: -40.937 | D10: Consumo interior de prod. petrolíferos | E10: 5015.0791
A11: Producción de refinerías | B11: 5633.886 | E11: Fuente: CORES

Sheet PVP máximo bombona
A1: PVP máximo de bombona de butano
D3: Unidad: €/Bombona
C4: €/Bombona | D4: %∆*
A5: 2023 | B5: 16 Mayo | C5: 15.96 | D5: -4.9434187
B6: 18 Julio | C6: 15.18 | D6: -4.887218
B7: 19 Septiembre | C7: 14.43 | D7: -4.9407115
B8: 21 Noviembre | C8: 15.14 | D8: 4.9203049
A9: 2024 | B9: 16 Enero | C9: 15.89 | D9: 4.9537649
B10: 19 Marzo | C10: 16.67 | D10: 4.9087476
B11: 21 Mayo | C11: 16.14 | D11: -3.1793641
B12: 16 Julio | C12: 15.34 | D12: -4.9566295
B13: 17 Septiembre | C13: 15.93 | D13: 3.8461538
B14: 19 Noviembre | C14: 16.61 | D14: 4.2686755
A15: 2025 | B15: 21 Enero | C15: 16.64 | D15: 0.18061409
B16: 18 Marzo | C16: 17.67 | D16: 6.1899038
B17: 20 Mayo | C17: 18 | D17: 1.8675722
B18: 15 Julio | C18: 17.11 | D18: -4.9444444
B19: 16 Septiembre | C19: 16.27 | D19: -4.9094097
B20: 18 Noviembre | C20: 15.46 | D20: -4.978488
A21: 2026 | B21: 20 Enero | C21: 15.58 | D21: 0.77619664
B22: 17 Marzo | C22: 16.35 | D22: 4.9422336
B23: 22 Marzo | C23: 14.66 | D23: -10.336391
B24: 19 Mayo | C24: 15.39 | D24: 4.9795362
B25: 1 Julio | C25: 16.99 | D25: 10.396361
B26: 21 Julio | C26: 17.83 | D26: 4.9440848
B27: 1 Agosto | C27: 17.89 | D27: 0.3365115
A28: * % sobre precio anterior | D28: Fuente: MITECO

Sheet PVP de gna y glo
A1: PVP gasolina 95 I.O. y gasóleo de automoción
F2: Unidad: c€/litro
B3: Precio de venta al público | E3: Tasa de variación (%)
B4: ago-26 | C4: jul-26 | D4: ago-25 | E4: mes anterior | F4: mes año anterior
A5: PVP Gasolina 95 I.O. | B5: 171.59136 | C5: 158.80476 | D5: 148.0532 | E5: 8.0517715 | F5: 15.898452
A6: PVP Gasóleo automoción | B6: 184.28501 | C6: 163.12347 | D6: 141.58453 | E6: 12.972711 | F6: 30.158999
F7: Fuente: MITECO
A8: Nota: Desde el 22 de marzo de 2026 se aplica una reducción temporal del IVA al 10% y del IEH en los combustibles, en virtud del RD-Ley 7/2026.

Sheet PVP medio de la gna
A1: PVP medio de la gasolina 95 I.O.
E2: Unidad: c€/litro
B3: PVP | C3: IVA | D3: IE | E3: PAI
A4: España | B4: 171.59136 | C4: 29.780319 | D4: 37.269 | E4: 104.54204
A5: Alemania | B5: 220.30645 | C5: 35.17498 | D5: 80.270059 | E5: 104.86141
A6: Austria | B6: 179.02581 | C6: 29.837634 | D6: 59.597785 | E6: 89.590387
A7: Bélgica | B7: 186.20571 | C7: 32.316693 | D7: 60.015875 | E7: 93.873141
A8: Bulgaria | B8: 153.73161 | C8: 25.621935 | D8: 36.301635 | E8: 91.808042
A9: Chipre | B9: 158.21019 | C9: 25.260451 | D9: 36.969985 | E9: 95.979758
A10: Croacia | B10: 167.09355 | C10: 33.41871 | D10: 42.295516 | E10: 91.379323
A11: Dinamarca | B11: 242.93086 | C11: 48.586173 | D11: 71.694169 | E11: 122.65052
A12: Eslovaquia | B12: 172.44194 | C12: 32.24524 | D12: 55.36504 | E12: 84.831655
A13: Eslovenia | B13: 160.39048 | C13: 28.922874 | D13: 44.46754 | E13: 87.000069
A14: Estonia | B14: 177.24839 | C14: 29.541398 | D14: 64.064793 | E14: 83.642197
A15: Finlandia | B15: 217.13119 | C15: 44.118289 | D15: 72.241486 | E15: 100.77141
... A33: Media UE Eurozona-España | B33: 28.762039 | C33: 5.3672268 | D33: 28.143006 | E33: -4.7481928
E34: Fuente: MITECO
A35: Nota: Desde el 22 de marzo de 2026 se aplica una reducción temporal del IVA al 10% y del IEH en los combustibles, en virtud del RD-Ley 7/2026.

Sheet PVP medio del glo
A1: PVP medio del gasóleo de automoción
E2: Unidad: c€/litro
B3: PVP | C3: IVA | D3: IE | E3: PAI
A4: España | B4: 184.28501 | C4: 31.983349 | D4: 27.9 | E4: 124.40166
A5: Alemania | B5: 222.47419 | C5: 35.52109 | D5: 63.220038 | E5: 123.73307
A6: Austria | B6: 202.74516 | C6: 33.79086 | D6: 52.457108 | E6: 116.49719
A7: Bélgica | B7: 218.8911 | C7: 37.989364 | D7: 60.015836 | E7: 120.8859
A8: Bulgaria | B8: 175.89871 | C8: 29.316452 | D8: 33.029503 | E8: 113.55275
A9: Chipre | B9: 177.29929 | C9: 28.30829 | D9: 34.070066 | E9: 114.92093
A10: Croacia | B10: 188.52903 | C10: 37.705806 | D10: 33.258065 | E10: 117.56516
A11: Dinamarca | B11: 223.82776 | C11: 44.765552 | D11: 56.96322 | E11: 122.09899
A12: Eslovaquia | B12: 182.93226 | C12: 34.206845 | D12: 40.76502 | E12: 107.96039
A13: Eslovenia | B13: 184.75352 | C13: 33.316208 | D13: 35.909674 | E13: 115.52763
A14: Estonia | B14: 186.80645 | C14: 31.134409 | D14: 47.821657 | E14: 107.85039
A15: Finlandia | B15: 232.97169 | C15: 47.336878 | D15: 51.051655 | E15: 134.58316
... A33: Media UE Eurozona-España | B33: 23.918272 | C33: 4.5412839 | D33: 22.396644 | E33: -3.019655
E34: Fuente: MITECO
A35: Nota: Desde el 22 de marzo de 2026 se aplica una reducción temporal del IVA al 10% y del IEH en los combustibles, en virtud del RD-Ley 7/2026.

Sheet PVP medio del glo C
A1: PVP medio del gasóleo calefacción
C3: Unidad: c€/litro
B4: PVP | C4: PAI
A5: España | B5: 130.64602 | C5: 105.32234
A6: Alemania | B6: 132.16129 | C6: 87.529908
A7: Austria | B7: 159.84787 | C7: 107.63639
A8: Bélgica | B8: 131.49452 | C8: 106.41021
A9: Bulgaria | B9: 0 | C9: 0
A10: Chipre | B10: 143.13887 | C10: 111.74177
A11: Croacia | B11: 141.16129 | C11: 107.31503
A12: Dinamarca | B12: 232.0994 | C12: 138.20451
A13: Eslovaquia | B13: 0 | C13: 0
A14: Eslovenia | B14: 147.69706 | C14: 110.44314
A15: Estonia | B15: 140.71935 | C15: 107.68335
A16: Finlandia | B16: 189.74395 | C16: 123.6104
... A34: Media UE Eurozona-España | B34: 12.356675 | C34: -5.0995977
C35: Fuente: Comisión Europea "Oil Bulletin"
A36: n.d.: no disponible

Sheet Cotizaciones de los crudos
A1: Cotizaciones de los crudos de referencia y tipo de cambio
M2: Unidad: US$ por barril
B3: 2025 | F3: 2026
B4: 45901 | C4: 45931 | D4: 45962 | E4: 45992 | F4: 46023 | G4: 46054 | H4: 46082 | I4: 46113 | J4: 46143 | K4: 46174 | L4: 46204 | M4: 46235
A5: Brent Dated | B5: 67.944545 | C5: 64.63 | D5: 63.773 | E5: 62.585714 | F5: 66.674286 | G5: 70.9865 | H5: 103.25 | I5: 117.365 | J5: 107.41895 | K5: 85.327727 | L5: 84.093913 | M5: 90.8755
A6: WTI | B6: 63.959048 | C6: 60.844783 | D6: 60.062222 | E6: 57.972273 | F6: 60.037 | G6: 64.508421 | H6: 91.383636 | I6: 100.31667 | J6: 102.134 | K6: 84.807143 | L6: 80.456364 | M6: 83.897619
A7: Tipo de cambio $/€ | B7: 1.1732227 | C7: 1.1630435 | D7: 1.15602 | E7: 1.1708714 | F7: 1.1738238 | G7: 1.182395 | H7: 1.1558318 | I7: 1.17064 | J7: 1.16732 | K7: 1.1518 | L7: 1.1417478 | M7: 1.1593095
M8: Fuente: Reuters

Sheet Evolución crudos SPOT
A1: Evolución de los precios spot de crudos
M2: Unidad: US$ por barril
B3: 2025 | F3: 2026
B4: 45901 | C4: 45931 | D4: 45962 | E4: 45992 | F4: 46023 | G4: 46054 | H4: 46082 | I4: 46113 | J4: 46143 | K4: 46174 | L4: 46204 | M4: 46235
A5: Cercano Oriente
A6: Arabia Ligero | B6: 71.121364 | C6: 66.733478 | D6: 65.0745 | E6: 63.180435 | F6: 64.224545 | G6: 68.7955 | H6: 96.823182 | I6: 105.33727 | J6: 128.41905 | K6: 111.405 | L6: 99.37 | M6: 89.310476
A7: Dubai | B7: 69.934545 | C7: 64.763182 | D7: 64.3395 | E7: 61.860455 | F7: 62.875238 | G7: 68.581667 | H7: 123.02136 | I7: 104.67476 | J7: 100.19211 | K7: 78.964286 | L7: 77.40087 | M7: 88.489
A8: Irán Ligero | B8: 69.853182 | C8: 66.348696 | D8: 65.8645 | E8: 64.030435 | F8: 66.047273 | G8: 68.0905 | H8: 96.123182 | I8: 101.29636 | J8: 103.98095 | K8: 105.92091 | L8: 98.137391 | M8: 88.586667
A9: Irán Pesado | B9: 68.053182 | C9: 64.548696 | D9: 64.0645 | E9: 62.230435 | F9: 64.247273 | G9: 66.393 | H9: 94.423182 | I9: 99.596364 | J9: 102.28095 | K9: 104.60955 | L9: 96.648261 | M9: 87.086667
A10: Irak (Kirkuk) | B10: 68.750909 | C10: 65.553478 | D10: 64.5205 | E10: 63.386667 | F10: 67.346667 | G10: 71.8425 | H10: 103.98227 | I10: 118.6 | J10: 108.98421 | K10: 86.264091 | L10: 83.91 | M10: 92.148
A11: Mediterráneo/África
A12: Argelia (Saharan) | B12: 68.450909 | C12: 65.253478 | D12: 64.403 | E12: 63.486667 | F12: 67.446667 | G12: 71.9425 | H12: 104.64591 | I12: 124.9 | J12: 115.28421 | K12: 91.636818 | L12: 85.11 | M12: 93.348
A13: Nigeria (Bonny) | B13: 70.185 | C13: 66.153478 | D13: 65.2205 | E13: 64.086667 | F13: 68.046667 | G13: 72.33 | H13: 106.08682 | I13: 126.7125 | J13: 112.63421 | K13: 88.199545 | L13: 84.81 | M13: 94.638
A14: Rusia
A15: Ural | B15: 62.288182 | C15: 58.433043 | D15: 55.147 | E15: 52.009048 | F15: 54.606667 | G15: 56.5165 | H15: 94.135 | I15: 111.9145 | J15: 97.53 | K15: 72.077273 | L15: 67.700435 | M15: 82.378
A16: América del Norte
A17: EE.UU. (Texas Int.) | B17: 63.959048 | C17: 60.844783 | D17: 60.062222 | E17: 57.972273 | F17: 60.037 | G17: 64.508421 | H17: 91.383636 | I17: 100.31667 | J17: 102.134 | K17: 84.807143 | L17: 80.456364 | M17: 83.897619
A18: México (Maya) | B18: 61.945909 | C18: 57.372174 | D18: 56.956 | E18: 54.141304 | F18: 56.668636 | G18: 60.648 | H18: 89.598182 | I18: 94.245909 | J18: 99.147143 | K18: 77.410909 | L18: 75.052609 | M18: 77.180952
A19: Mar del Norte
A20: Ekofisk | B20: 69.185 | C20: 65.996957 | D20: 64.548 | E20: 63.967619 | F20: 68.65 | G20: 73.3625 | H20: 108.15955 | I20: 132.5625 | J20: 112.01737 | K20: 89.57 | L20: 84.61 | M20: 95.9205
A21: Forties | B21: 67.891818 | C21: 65.458261 | D21: 63.5465 | E21: 63.19381 | F21: 68.281905 | G21: 72.822 | H21: 105.68818 | I21: 133.17 | J21: 110.92263 | K21: 85.639545 | L21: 82.851304 | M21: 93.98
A22: Brent | B22: 68.186818 | C22: 65.186087 | D22: 64.0905 | E22: 63.436667 | F22: 68.194286 | G22: 73.3425 | H22: 105.68227 | I22: 133.1145 | J22: 111.66 | K22: 85.994091 | L22: 82.406087 | M22: 93.6695
A23: Cesta OPEP | B23: 70.401364 | C23: 65.20913 | D23: 64.4595 | E23: 61.743636 | F23: 62.426667 | G23: 67.8985 | H23: 116.37636 | I23: 108.56905 | J23: 112.34905 | K23: 89.568636 | L23: 83.002174 | M23: 86.41

Sheet Cotizaciones FOB
A1: Cotizaciones internacionales FOB de productos petrolíferos
N2: Unidad: US$ por tonelada
C3: 2025 | G3: 2026
C4: 45901 | D4: 45931 | E4: 45962 | F4: 45992 | G4: 46023 | H4: 46054 | I4: 46082 | J4: 46113 | K4: 46143 | L4: 46174 | M4: 46204 | N4: 46235
A5: Gasolina 10 ppm | B5: MED | C5: 733.46591 | D5: 678.67391 | E5: 710.2125 | F5: 649.48478 | G5: 670.34227 | H5: 682.863 | I5: 978.13909 | J5: 1064.6682 | K5: 1131.0552 | L5: 955.45182 | M5: 1052.6596 | N5: 1146.8043
B6: NWE | C6: 749.17045 | D6: 702.66848 | E6: 719.7625 | F6: 666.31043 | G6: 652.80833 | H6: 701.42525 | I6: 998.79682 | J6: 1102.278 | K6: 1123.7005 | L6: 918.16341 | M6: 1028.5013 | N6: 1153.276
A7: Queroseno | B7: MED | C7: 704.72727 | D7: 697.48913 | E7: 745.3125 | F7: 692.56068 | G7: 716.22405 | H7: 781.2575 | I7: 1787.8668 | J7: 1779.5059 | K7: 1301.2595 | L7: 1042.5632 | M7: 1197.3387 | N7: 1289.6298
B8: NWE | C8: 717.68182 | D8: 710.54348 | E8: 756.6125 | F8: 704.02848 | G8: 731.64286 | H8: 782.71875 | I8: 1519.3977 | J8: 1572.2273 | K8: 1307.0714 | L8: 1039.9773 | M8: 1205.5326 | N8: 1293.8393
A9: Gasóleo | B9: MED | C9: 701.63636 | D9: 676.32609 | E9: 732.2375 | F9: 642.32717 | G9: 652.72159 | H9: 709.55625 | I9: 1186.8409 | J9: 1319.4091 | K9: 1180.4048 | L9: 976.03977 | M9: 1154.6141 | N9: 1300.0238
B10: NWE | C10: 714.97727 | D10: 688.58696 | E10: 756.55 | F10: 649.36957 | G10: 666.4881 | H10: 707.6125 | I10: 1218.6364 | J10: 1286.75 | K10: 1163.4868 | L10: 967.32955 | M10: 1160.3804 | N10: 1278
A11: Fuelóleo 1% Azufre | B11: MED | C11: 412.73864 | D11: 396.27174 | E11: 374.25 | F11: 337.19261 | G11: 346.59909 | H11: 375.267 | I11: 560.63955 | J11: 564.66045 | K11: 572.88381 | L11: 488.97682 | M11: 481.08391 | N11: 502.50667
B12: NWE | C12: 412.21591 | D12: 391.1087 | E12: 386.825 | F12: 348.47409 | G12: 354.28667 | H12: 382.879 | I12: 573.56455 | J12: 579.04636 | K12: 595.94476 | L12: 500.65318 | M12: 489.48696 | N12: 509.69905
N13: Fuente: Reuters

Sheet Consumo de gas natural
A1: Consumo de gas natural
H2: Unidad: GWh
B3: =INDICE!A3 -> 46265 | C3: 41671 | D3: Acumulado anual | F3: Últimos doce meses
B4: GWh | C4: TV (%)* | D4: GWh | E4: TV (%)* | F4: GWh | G4: TV (%)* | H4: Estructura (%)
A5: Consumo convencional | B5: 12309.456 | C5: -5.5470792 | D5: 138376.74 | E5: -3.5836882 | F5: 213276.83 | G5: -3.4099292 | H5: 63.706654
A6: Generación eléctrica | B6: 11835.863 | C6: 28.264233 | D6: 70142.49 | E6: 15.817024 | F6: 110409.76 | G6: 22.210662 | H6: 32.979843
A7: GNL de consumo directo | B7: 934.869 | C7: -2.8022857 | D7: 6905.203 | E7: -0.35550609 | F7: 11092.928 | G7: 6.7593146 | H7: 3.3135025
A8: Total | B8: 25080.188 | C8: 8.0022477 | D8: 215424.43 | E8: 2.0905567 | F8: 334779.53 | G8: 4.1173517 | H8: 100
A9: Cogeneración ** | B9: 3462.213 | C9: -16.783128 | D9: 27253.086 | E9: -24.019157 | F9: 44887.238 | G9: -19.455634 | H9: 13.408
H10: Fuente: Cores
A11: * Tasas de variación con respecto al mismo periodo del año anterior
A12: ** Suministros a instalaciones que disponen de sistemas de cogeneración
A13: '- igual que 0,0 / ^ distinto de 0,0

Sheet Consumo GN por tramos presión
A1: Consumo de gas natural por tramos de presión
H2: Unidad: GWh
B3: =INDICE!A3 -> 46265 | C3: 41671 | D3: Acumulado anual | F3: Últimos doce meses
B4: GWh | C4: TV (%)* | D4: GWh | E4: TV (%)* | F4: GWh | G4: TV (%)* | H4: Estructura (%)
A5: Presión > 60 bares** | B5: 16030.585 | C5: 16.450296 | D5: 107294.29 | E5: 9.8219257 | F5: 167607.92 | G5: 10.759025 | H5: 50.065165
A6: Presión > 4 bares y ≤ 60 bares | B6: 6219.75 | C6: -5.6782462 | D6: 59483.127 | E6: -6.4601002 | F6: 91629.055 | G6: -4.2568124 | H6: 27.36997
A7: Presión ≤ 4 bares | B7: 1894.984 | C7: -0.25743799 | D7: 41741.804 | E7: -2.45791 | F7: 64449.622 | G7: 0.51348108 | H7: 19.251363
A8: GNL Consumo directo | B8: 934.869 | C8: -2.8022857 | D8: 6905.203 | E8: -0.35550609 | F8: 11092.928 | G8: 6.7593146 | H8: 3.3135025
A9: Total | B9: 25080.188 | C9: 8.0022477 | D9: 215424.43 | E9: 2.0905567 | F9: 334779.53 | G9: 4.1173517 | H9: 100
H10: Fuente: Cores
A11: * Tasas de variación con respecto al mismo periodo del año anterior
A12: ** Incluido gas natural para materia prima
A13: '- igual que 0,0 / ^ distinto de 0,0
A14: A partir del 1 de octubre de 2021 dejan de estar vigentes los grupos de peaje previos a la Circular 6/2020, de 22 de julio, de la Comisión Nacional de los Mercados y la Competencia, por la que se establece la metodología para el cálculo de los peajes de transporte, redes locales y regasificación de gas natural, manteniéndose el mismo desglose por tramos de presión y cantidad.
C62: Consumo de gas natural por grupos de presión

Sheet Tasa variación año móvil GN 
A1: Tasa variación año móvil de consumo de gas natural (%)
B3: 2024 | C3: 2025 | D3: 2026
A5: Enero | B5: -6.4441711 | C5: -5.4094527 | D5: 7.5759203
A6: Febrero | B6: -7.7505675 | C6: -3.2766822 | D6: 6.8482434
A7: Marzo | B7: -6.6286573 | C7: -2.659359 | D7: 6.4293126
A8: Abril | B8: -6.7177139 | C8: -1.5699616 | D8: 6.2642754
A9: Mayo | B9: -6.9594884 | C9: -0.41164963 | D9: 5.5308834
A10: Junio | B10: -7.6407676 | C10: 2.5864126 | D10: 3.5247565
A11: Julio | B11: -7.0407911 | C11: 3.9469642 | D11: 3.7173124
A12: Agosto | B12: -6.8743081 | C12: 4.9612621 | D12: 4.1173517
A13: Septiembre | B13: -7.3539453 | C13: 6.7712638
A14: Octubre | B14: -6.6877268 | C14: 8.8829543
A15: Noviembre | B15: -4.9894777 | C15: 8.0042424
A16: Diciembre | B16: -3.8069091 | C16: 6.2315623
D17: Fuente: Cores

Sheet Consumo de gas natural por CCAA
A1: Consumo de gas natural por Comunidades Autónomas y tramos de presión
L2: Unidad: GWh
B3: =INDICE!A3 -> 46265 | C3: 41671 | D3: 41671 | E3: 41671 | F3: 41671 | G3: Últimos doce meses | L3: Estructura (%)
B4: Presión > 60 bares** | C4: Presión > 4 bares y ≤ 60 bares | D4: Presión ≤ 4 bares | E4: GNL Consumo directo | F4: Total | G4: Presión > 60 bares** | H4: Presión > 4 bares y ≤ 60 bares | I4: Presión ≤ 4 bares | J4: GNL Consumo directo | K4: Total
A5: Andalucía | B5: 4217.162 | C5: 556.002 | D5: 127.923 | E5: 273.987 | F5: 5175.074 | G5: 45796.305 | H5: 6280.186 | I5: 2542.297 | J5: 2616.263 | K5: 57235.051 | L5: 17.096491
A6: Aragón | B6: 645.127 | C6: 422.497 | D6: 73.857 | E6: 41.327 | F6: 1182.808 | G6: 7571.43 | H6: 6055.032 | I6: 3151.804 | J6: 653.324 | K6: 17431.59 | L6: 5.2069322
A7: Asturias | B7: 836.813 | C7: 242.291 | D7: 62.955 | E7: 23.733 | F7: 1165.792 | G7: 8873.943 | H7: 3671.821 | I7: 1883.853 | J7: 305.9 | K7: 14735.517 | L7: 4.4015972
A8: Baleares | B8: 1211.407 | C8: 31.551 | D8: 58.415 | E8: 0.3 | F8: 1301.673 | G8: 9384.886 | H8: 328.81 | I8: 978.266 | J8: 5.388 | K8: 10697.35 | L8: 3.1953698
A9: Canarias | B9: 0 | C9: 0 | D9: 0 | E9: 1.529 | F9: 1.529 | G9: 0 | H9: 0 | I9: 0 | J9: 85.185 | K9: 85.185 | L9: 0.025445328
A10: Cantabria | B10: 21.966 | C10: 80.253 | D10: 33.224 | E10: 0.285 | F10: 135.728 | G10: 352.918 | H10: 1343.571 | I10: 897.453 | J10: 17.919 | K10: 2611.861 | L10: 0.7801803
A11: Castilla y León | B11: 142.372 | C11: 619.276 | D11: 178.797 | E11: 37.755 | F11: 978.2 | G11: 1695.803 | H11: 8923.339 | I11: 6753.438 | J11: 603.665 | K11: 17976.245 | L11: 5.3696243
A12: Castilla La Mancha | B12: 817.419 | C12: 280.157 | D12: 86.566 | E12: 72.451 | F12: 1256.593 | G12: 10383.144 | H12: 4150.339 | I12: 2738.971 | J12: 869.483 | K12: 18141.937 | L12: 5.4191176
A13: Cataluña | B13: 2383.053 | C13: 1120.334 | D13: 428.543 | E13: 118.923 | F13: 4050.853 | G13: 24383.296 | H13: 16052.705 | I13: 14059.187 | J13: 1486.89 | K13: 55982.078 | L13: 16.72222
A14: Com. Valenciana | B14: 1443.925 | C14: 855.806 | D14: 109.241 | E14: 118.367 | F14: 2527.339 | G14: 11808.407 | H14: 16823.326 | I14: 2963.116 | J14: 1679.668 | K14: 33274.517 | L14: 9.9393201
A15: Extremadura | B15: 12.657 | C15: 165.81 | D15: 18.298 | E15: 53.576 | F15: 250.341 | G15: 41.868 | H15: 1668.63 | I15: 585.041 | J15: 525.884 | K15: 2821.423 | L15: 0.84277787
A16: Galicia | B16: 733.301 | C16: 439.607 | D16: 77.964 | E16: 62.051 | F16: 1312.923 | G16: 8279.631 | H16: 5646.493 | I16: 2294.655 | J16: 751.301 | K16: 16972.08 | L16: 5.0696735
... A22: Total | B22: 16030.586 | C22: 6219.747 | D22: 1894.897 | E22: 934.871 | F22: 25080.101 | G22: 167602.25 | H22: 91623.198 | I22: 64456.224 | J22: 11094.916 | K22: 334776.59 | L22: 100
L23: Fuente: Cores
A24: Nota: Debido a desajustes en la información remitida pueden encontrarse pequeñas diferencias entre los datos de consumos desglosados por grupos de presión y los desglosados por Comunidades Autónomas
A25: - igual que 0,0 / ^ mayor que 0,0
A26: A partir del 1 de octubre de 2021 dejan de estar vigentes los grupos de peaje previos a la Circular 6/2020, de 22 de julio, de la Comisión Nacional de los Mercados y la Competencia, por la que se establece la metodología para el cálculo de los peajes de transporte, redes locales y regasificación de gas natural, manteniéndose el mismo desglose por tramos de presión y cantidad.

Sheet import. GN paises
A1: Importaciones de gas natural por países y zonas económicas
I2: Unidad: GWh
A3: Áreas | B3: Países | C3: =INDICE!A3 -> 46265 | D3: 41671 | E3: Acumulado anual | G3: Últimos doce meses
C4: GWh | D4: Tv (%)* | E4: GWh | F4: Tv (%)* | G4: GWh | H4: Tv (%)* | I4: Estruc. (%)
B5: Jamaica | C5: 0 | D5: - | E5: 0 | F5: -100 | G5: 0 | H5: -100 | I5: 0
B6: Perú | C6: 0 | D6: - | E6: 1065.3964 | F6: -80.428559 | G6: 2170.759 | H6: -60.122936 | I6: 0.58994311
B7: Trin. y Tobago | C7: 0 | D7: - | E7: 0 | F7: - | G7: 2672.8475 | H7: 125.79584 | I7: 0.72639476
A8: América Central y Sur | C8: 0 | D8: - | E8: 1065.3964 | F8: -81.013076 | G8: 4843.6066 | H8: -28.717625 | I8: 1.3163379
B9: Estados Unidos | C9: 11536.24 | D9: 9.0336088 | E9: 69489.169 | F9: -10.061363 | G9: 103922.71 | H9: 13.413994 | I9: 28.242879
B10: México | C10: 0 | D10: - | E10: 998.99968 | F10: - | G10: 998.99968 | H10: - | I10: 0.27149627
A11: América del Norte | C11: 11536.24 | D11: 9.0336088 | E11: 70488.169 | F11: -8.7683752 | G11: 104921.71 | H11: 14.504233 | I11: 28.514375
B12: Francia GN | C12: 512.30864 | D12: -64.758086 | E12: 4997.6311 | F12: 4.8297362 | G12: 9419.0486 | H12: -2.7053237 | I12: 2.5597972
B13: Noruega | C13: 1939.5098 | D13: 2214.2006 | E13: 4489.6084 | F13: 60.281774 | G13: 4699.2437 | H13: 45.591761 | I13: 1.2771046
B14: GN | C14: 83.80906 | D14: 0 | E14: 641.89211 | F14: -2.2760595 | G14: 851.52739 | H14: -21.406306 | I14: 0.231418
B15: GNL | C15: 1855.7007 | D15: - | E15: 3847.7163 | F15: 79.445122 | G15: 3847.7163 | H15: 79.445122 | I15: 1.0456866
B16: Portugal GN | C16: 1114.9996 | D16: 58.850572 | E16: 7991.7809 | F16: 57.842154 | G16: 9297.8429 | H16: 5.1201469 | I16: 2.5268573
B17: Rusia | C17: 2132.7366 | D17: -0.88579907 | E17: 41392.499 | F17: 35.67368 | G17: 53512.208 | H17: 7.1635343 | I17: 14.542912
A18: Europa y Euroasia | C18: 5699.5546 | D18: 29.794483 | E18: 58871.519 | F18: 36.464736 | G18: 76928.344 | H18: 7.3088934 | I18: 20.906672
B19: Qatar | C19: 0 | D19: -100 | E19: 0 | F19: -100 | G19: 1535.6662 | H19: -84.752655 | I19: 0.41734513
A20: Oriente Medio | C20: 0 | D20: -100 | E20: 0 | F20: -100 | G20: 1535.6662 | H20: -84.752655 | I20: 0.41734513
B21: Angola | C21: 0 | D21: - | E21: 3071.0265 | F21: -77.064702 | G21: 10340.21 | H21: -33.044611 | I21: 2.8101394
B22: Argelia | C22: 10312.853 | D22: 2.1807722 | E22: 85249.312 | F22: 4.1293059 | G22: 131882.71 | H22: 2.3962035 | I22: 35.841517
B23: GN | C23: 9896.932 | D23: 8.4869259 | E23: 79759.96 | F23: 12.153024 | G23: 115821.66 | H23: 7.3139981 | I23: 31.476636
B24: GNL | C24: 415.92073 | D24: -57.124102 | E24: 5489.3526 | F24: -48.943948 | G24: 16061.05 | H24: -23.037475 | I24: 4.3648813
B25: Camerún | C25: 0 | D25: - | E25: 1069.4045 | F25: 9.2264707 | G25: 1069.4045 | H25: 9.2264707 | I25: 0.29063005
B26: Congo | C26: 0 | D26: - | E26: 2639.8465 | F26: 46.305271 | G26: 3325.126 | H26: -4.4882206 | I26: 0.90366325
B27: Egipto | C27: 0 | D27: - | E27: 0 | F27: - | G27: 1033.642 | H27: - | I27: 0.28091094
B28: Guinea Ecuatorial | C28: 0 | D28: - | E28: 128.86914 | F28: - | G28: 2343.9323 | H28: - | I28: 0.63700609
B29: Mauritania | C29: 191.8331 | D29: - | E29: 2076.4815 | F29: - | G29: 2076.4815 | H29: - | I29: 0.56432147
B30: Nigeria | C30: 1909.864 | D30: 2.5833178 | E30: 19658.919 | F30: 2.626622 | G30: 27659.91 | H30: 1.1063247 | I30: 7.5170818
A31: África | C31: 12414.55 | D31: 3.8481545 | E31: 113893.86 | F31: -2.8191495 | G31: 179731.42 | H31: 2.0867041 | I31: 48.84527
B32: Indonesia | C32: 0 | D32: - | E32: 0 | F32: - | G32: 0 | H32: -100 | I32: 0
A33: Asia Pacífico | C33: 0 | D33: - | E33: 0 | F33: - | G33: 0 | H33: -100 | I33: 0
A34: Total | C34: 29650.344 | D34: 6.9982297 | E34: 244318.94 | F34: -1.5158847 | G34: 367960.74 | H34: 3.2657898 | I34: 100
A35: GN | C35: 11608.049 | D35: 2.1645275 | E35: 93391.264 | F35: 14.443834 | G35: 135390.08 | H35: 6.1573296 | I35: 36.794708
A36: GNL | C36: 18042.295 | D36: 10.357533 | E36: 150927.68 | F36: -9.3391818 | G36: 232570.66 | H36: 1.6539007 | I36: 63.205292
A37: OCDE | C37: 15103.058 | D37: 17.809836 | E37: 87967.19 | F37: -2.1439325 | G37: 128337.84 | H37: 13.187778 | I37: 34.878134
A38: No-OCDE | C38: 14547.287 | D38: -2.3095023 | E38: 156351.75 | F38: -1.1589736 | G38: 239622.9 | H38: -1.365016 | I38: 65.121866
A39: UE | C39: 1627.3082 | D39: -24.508176 | E39: 12989.412 | F39: 32.133429 | G39: 18716.892 | H39: 1.0308494 | I39: 5.0866545
I40: Fuente: Cores
A41: * Tasa de variación respecto al mismo periodo del año anterior // - igual que 0,0 / ^ distinto de 0,0
A42: Nota: Las importaciones corresponden a GNL salvo en los casos en los que está especificado

Sheet import. GN puntos entrada 
A1: Importaciones por punto de entrada
H2: Unidad: GWh
B3: =INDICE!A3 -> 46265 | C3: 41671 | D3: Acumulado anual | F3: Últimos doce meses
B4: GWh | C4: Tv (%)* | D4: GWh | E4: Tv (%)* | F4: GWh | G4: Tv (%)* | H4: Estruc. (%)
A5: Conexiones Internacionales | B5: 11608.049 | C5: 2.1645275 | D5: 93391.264 | E5: 14.443834 | F5: 135390.08 | G5: 6.1573296 | H5: 36.794708
A6: Almería | B6: 9896.932 | C6: 8.4869259 | D6: 79759.96 | E6: 12.153024 | F6: 115821.66 | G6: 7.3139981 | H6: 31.476636
A7: VIP Ibérico | B7: 1114.9996 | C7: 58.850572 | D7: 7991.7809 | E7: 57.842154 | F7: 9297.8429 | G7: 5.1201469 | H7: 2.5268573
A8: VIP Pirineos | B8: 596.1177 | C8: -61.228126 | D8: 5639.5232 | E8: 3.9692649 | F8: 10270.576 | G8: -4.5876084 | H8: 2.7912152
A9: Plantas de regasificación | B9: 18042.295 | C9: 10.357533 | D9: 150927.68 | E9: -9.3391818 | F9: 232570.66 | G9: 1.6539007 | H9: 63.205292
A10: Barcelona | B10: 3169.239 | C10: 83.881828 | D10: 25084.588 | E10: -6.46302 | F10: 40501.643 | G10: 3.5727993 | H10: 11.007056
A11: Bilbao | B11: 4085.4749 | C11: -8.0568868 | D11: 37438.944 | E11: 4.6619738 | F11: 56555.601 | G11: 10.81814 | H11: 15.37001
A12: Cartagena | B12: 1932.7398 | C12: -11.216214 | D12: 17415.599 | E12: -28.729218 | F12: 27508.044 | G12: -6.2392496 | H12: 7.4758096
A13: Huelva | B13: 2953.2963 | C13: -0.061935417 | D13: 23291.857 | E13: -28.559177 | F13: 32532.012 | G13: -23.906674 | H13: 8.8411638
A14: Mugardos | B14: 2216.097 | C14: 6.5884688 | D14: 16610.095 | E14: -6.5242336 | F14: 25984.876 | G14: 3.2027703 | H14: 7.061861
A15: Musel | B15: 1014.9634 | C15: -6.7511712 | D15: 8100.2487 | E15: -2.3596388 | F15: 12241.197 | G15: 8.6400566 | H15: 3.3267671
A16: Sagunto | B16: 2670.4844 | C16: 41.869524 | D16: 22986.349 | E16: 10.608482 | F16: 37247.286 | G16: 23.703342 | H16: 10.122625
A17: Cisternas | B17: 0 | C17: - | D17: 0 | E17: - | F17: 0 | G17: - | H17: 0
A18: Total | B18: 29650.344 | C18: 6.9982297 | D18: 244318.94 | E18: -1.5158847 | F18: 367960.74 | G18: 3.2657898 | H18: 100
H19: Fuente: Cores
A20: * Tasa de variación respecto al mismo periodo del año anterior
A21: - igual que 0,0 / ^ distinto de 0,0

Sheet Coste de aprov
A1: Coste de aprovisionamiento gas natural
G2: Unidad: €/MWh
B3: =INDICE!A3 -> 46265 | C3: 41671 | D3: Acumulado anual | F3: Últimos doce meses
B4: €/MWh | C4: Tv (%)* | D4: €/MWh | E4: Tv (%)* | F4: €/MWh | G4: Tv (%)*
A5: Coste | B5: 43.798614 | C5: 57.026866 | D5: 33.26338 | E5: -0.6163619 | F5: 31.040418 | G5: -6.5560595
G6: Fuente:DGA
A7: * Tasas de variación con respecto al mismo periodo del año anterior
A8: Nota: Arancel de aduanas capitulo 27

Sheet export. GN paises
A1: Exportaciones de gas natural por países
I2: Unidad: GWh
A3: Áreas | B3: Países | C3: =INDICE!A3 -> 46265 | D3: 41671 | E3: Acumulado anual | G3: Últimos doce meses
C4: GWh | D4: Tv (%)* | E4: GWh | F4: Tv (%)* | G4: GWh | H4: Tv (%)* | I4: Estructura (%)
B5: Andorra | C5: 1.7588 | D5: -5.6068095 | E5: 35.0473 | F5: 7.3700102 | G5: 55.77771 | H5: 8.4540886 | I5: 0.13664996
B6: Bélgica | C6: 0 | D6: - | E6: 0 | F6: -100 | G6: 0 | H6: -100 | I6: 0
B7: Finlandia | C7: 0 | D7: - | E7: 106.72134 | F7: - | G7: 222.64234 | H7: - | I7: 0.54545206
B8: Francia | C8: 1051.0089 | D8: 1073.0679 | E8: 9793.4281 | F8: -12.02479 | G8: 13048.372 | H8: 2.5098064 | I8: 31.967241
B9: GN | C9: 1040.0582 | D9: 1208.0213 | E9: 9601.0982 | F9: -11.207788 | G9: 12377.529 | H9: 2.1609319 | I9: 30.32374
B10: GNL | C10: 10.95067 | D10: 8.6264995 | E10: 192.32984 | F10: -39.715249 | G10: 670.84337 | H10: 9.4030989 | I10: 1.6435009
B11: Gibraltar | C11: 0 | D11: - | E11: 0 | F11: -100 | G11: 0 | H11: -100 | I11: 0
B12: Italia | C12: 166.472 | D12: 1.0202578 | E12: 1809.355 | F12: 5.0047962 | G12: 2203.9944 | H12: -2.028667 | I12: 5.3995716
B13: Países Bajos | C13: 0 | D13: -100 | E13: 0 | F13: -100 | G13: 0 | H13: -100 | I13: 0
B14: Portugal GN | C14: 100.67371 | D14: -68.077761 | E14: 2840.9881 | F14: -18.274308 | G14: 4089.4128 | H14: -11.004903 | I14: 10.018663
B15: Reino Unido | C15: 76.46073 | D15: -25.410155 | E15: 681.37648 | F15: 77.06786 | G15: 893.73558 | H15: 119.38008 | I15: 2.1895652
B16: Suecia | C16: 0 | D16: - | E16: 0 | F16: -100 | G16: 0 | H16: -100 | I16: 0
B17: Suiza | C17: 0 | D17: - | E17: 0.59615 | F17: -30.66814 | G17: 1.52424 | H17: -11.698664 | I17: 0.0037342396
B18: Turquía | C18: 0 | D18: - | E18: 868.07146 | F18: - | G18: 868.07146 | H18: -17.700935 | I18: 2.1266906
A19: Europa y Euroasia | C19: 1396.3742 | D19: 98.784669 | E19: 16135.584 | F19: -5.3806171 | G19: 21383.53 | H19: -0.72545556 | I19: 52.387568
B20: Egipto | C20: 0 | D20: -100 | E20: 0 | F20: -100 | G20: 0 | H20: -100 | I20: 0
B21: Marruecos GN | C21: 785 | D21: -20.866935 | E21: 5735.2642 | F21: -14.793282 | G21: 9379.2642 | H21: -7.5387991 | I21: 22.978284
B22: Sudáfrica | C22: 0 | D22: - | E22: 293.15498 | F22: - | G22: 520.65998 | H22: - | I22: 1.2755663
A23: África | C23: 785 | D23: -62.238758 | E23: 6028.4192 | F23: -22.889051 | G23: 9899.9242 | H23: -11.850633 | I23: 24.25385
B24: Estados Unidos | C24: 0 | D24: - | E24: 26.66273 | F24: -7.7924678 | G24: 57.53725 | H24: -41.285159 | I24: 0.14096066
A25: América del Norte | C25: 0 | D25: - | E25: 26.66273 | F25: -7.7924678 | G25: 57.53725 | H25: -41.285159 | I25: 0.14096066
B26: Argentina | C26: 0 | D26: - | E26: 645.09326 | F26: - | G26: 645.09326 | H26: - | I26: 1.5804157
A27: America Central y Sur | C27: 0 | D27: - | E27: 645.09326 | F27: - | G27: 645.09326 | H27: - | I27: 1.5804157
B28: Tailandia | C28: 54.18432 | D28: - | E28: 54.18432 | F28: -2.1751917 | G28: 54.18432 | H28: -2.1751917 | I28: 0.13274631
A29: Asia Pacífico | C29: 54.18432 | D29: - | E29: 54.18432 | F29: -2.1751917 | G29: 54.18432 | H29: -2.1751917 | I29: 0.13274631
A30: Otras salidas del sistema** | C30: 734.33063 | D30: 29.131412 | E30: 5714.4712 | F30: 25.035211 | G30: 8777.6791 | H30: 45.895927 | I30: 21.504459
A31: Total | C31: 2969.8891 | D31: -11.345959 | E31: 28604.415 | F31: -3.1199362 | G31: 40817.949 | H31: 4.8215301 | I31: 100
B32: GN | C32: 1922.5633 | D32: 38.624508 | E32: 18174.182 | F32: -13.539626 | G32: 25843.037 | H32: -3.7675859 | I32: 63.312924
B33: GNL | C33: 1047.3258 | D33: -46.649131 | E33: 10430.233 | F33: 22.631435 | G33: 14974.912 | H33: 23.906966 | I33: 36.687076
B34: OCDE | C34: 1394.6154 | D34: 99.062305 | E34: 16127.199 | F34: -5.4091191 | G34: 21385.29 | H34: -0.9314526 | I34: 52.391878
B35: No-OCDE | C35: 1575.2737 | D35: -40.541878 | E35: 12477.215 | F35: 0.0083669899 | G35: 19432.659 | H35: 11.977543 | I35: 47.608122
B36: UE | C36: 1318.1546 | D36: 120.39618 | E36: 14550.493 | F36: -11.725316 | G36: 19564.421 | H36: -1.3092786 | I36: 47.930928
A37: (*) Tasa de variación respecto al mismo periodo del año anterior // '- igual que 0,0 / ^ distinto de 0,0 | I37: Fuente: Cores
A38: ** Otras Salidas: Se incluyen puestas en frío y suministro directo a buques consumidores.
A39: Nota: Las exportaciones corresponden a GNL salvo en los casos en los que está especificado

Sheet export. GN puntos salida
A1: Exportaciones de gas natural por punto de salida
H2: Unidad: GWh
B3: =INDICE!A3 -> 46265 | C3: 41671 | D3: Acumulado anual | F3: Últimos doce meses
B4: GWh | C4: Tv (%)* | D4: GWh | E4: Tv (%)* | F4: GWh | G4: Tv (%)* | H4: Estructura (%)
A5: Conexiones Internacionales | B5: 1922.5633 | C5: 38.624508 | D5: 18174.182 | E5: -13.539626 | F5: 25843.037 | G5: -3.7675859 | H5: 63.312924
A6: Zahara de los Atunes | B6: 790 | C6: -20.362903 | D6: 5740.2642 | E6: -14.718998 | F6: 9384.2642 | G6: -7.4895089 | H6: 22.990534
A7: VIP Ibérico | B7: 97.50505 | C7: -69.0825 | D7: 2837.8195 | E7: -18.36546 | F7: 4086.2441 | G7: -11.07386 | H7: 10.0109
A8: VIP Pirineos | B8: 1035.0582 | C8: 1201.7331 | D8: 9596.0982 | E8: -11.254029 | F8: 12372.529 | G8: 2.1196632 | H8: 30.31149
A9: Plantas de regasificación** | B9: 1047.3258 | C9: -46.649131 | D9: 10430.233 | E9: 22.631435 | F9: 14974.912 | G9: 23.906966 | H9: 36.687076
A10: Barcelona | B10: 423.9699 | C10: -66.337356 | D10: 2950.4043 | E10: -4.8330198 | F10: 3853.6318 | G10: -8.5202573 | H10: 9.4410226
A11: Bilbao | B11: 65.59404 | C11: 25.866616 | D11: 1144.1 | E11: 156.15545 | F11: 1371.7705 | G11: 102.85871 | H11: 3.3607041
A12: Cartagena | B12: 297.17572 | C12: 44.87691 | D12: 2106.8146 | E12: 47.815155 | F12: 3665.1151 | G12: 128.81404 | H12: 8.9791752
A13: Huelva | B13: 256.75146 | C13: 11.449867 | D13: 2444.1532 | E13: 20.07321 | F13: 3828.3698 | G13: -2.1627368 | H13: 9.3791333
A14: Mugardos | B14: 0.70322 | C14: -98.576904 | D14: 419.89595 | E14: -6.2032946 | F14: 602.1803 | G14: -2.2089293 | H14: 1.4752831
A15: Musel | B15: 0.30141 | C15: -65.019845 | D15: 62.63155 | E15: 522.6481 | F15: 63.8256 | G15: 323.9177 | H15: 0.15636651
A16: Sagunto | B16: 2.83006 | C16: -98.292431 | D16: 1302.233 | E16: 25.228358 | F16: 1590.0187 | G16: 51.255535 | H16: 3.8953909
A17: Otras salidas*** | B17: 0 | C17: - | D17: 0 | E17: - | F17: 0 | G17: - | H17: 0
A18: Total | B18: 2969.8891 | C18: -11.345959 | D18: 28604.415 | E18: -3.1199362 | F18: 40817.949 | G18: 4.8215301 | H18: 100
A19: * Tasa de variación respecto al mismo periodo del año anterior | H19: Fuente: Cores
A20: ** Se incluyen puestas en frío y suministro directo a buques consumidores
A21: *** Se incluye cisternas o asimilables cuyo punto de salida declarado no forma parte del sistema gasista.
A22: - igual que 0,0 / ^ distinto de 0,0

Sheet importaciones netas GN
A1: Importaciones netas de gas natural
H2: Unidad: GWh
B3: =INDICE!A3 -> 46265 | C3: 41671 | D3: Acumulado anual | F3: Últimos doce meses
B4: GWh | C4: Tv (%)* | D4: GWh | E4: Tv (%)* | F4: GWh | G4: Tv (%)* | H4: Estruc. (%)
A5: Total | B5: 26680.455 | C5: 9.5208018 | D5: 215714.53 | E5: -1.299185 | F5: 327142.79 | G5: 3.0749129 | H5: 100
A6: GN | B6: 9685.486 | C6: -2.904612 | D6: 75217.082 | E6: 24.152951 | F6: 109547.04 | G6: 8.804583 | H6: 33.486003
A7: GNL | B7: 16994.969 | C7: 18.136648 | D7: 140497.45 | E7: -11.060532 | F7: 217595.75 | G7: 0.41282812 | H7: 66.513997
A8: OCDE | B8: 13708.442 | C8: 13.112782 | D8: 71839.99 | E8: -1.3797138 | F8: 106952.55 | G8: 16.507905 | H8: 32.692926
A9: No-OCDE | B9: 12972.013 | C9: 5.9647793 | D9: 143874.54 | E9: -1.2589259 | F9: 220190.24 | G9: -2.3914481 | H9: 67.307074
H10: Fuente: Cores
A11: * Tasa de variación respecto al mismo periodo del año anterior
A12: '- igual que 0,0 / ^ distinto de 0,0

Sheet Producción interior GN
A1: Produccion interior de gas natural
H2: Unidad: GWh
B3: =INDICE!A3 -> 46265 | C3: 41671 | D3: Acumulado anual | F3: Últimos doce meses
B4: GWh | C4: Tv (%)* | D4: GWh | E4: Tv (%)* | F4: GWh | G4: Tv (%)* | H4: Estructura (%)
A5: El Romeral | B5: 3.0525067 | C5: 0 | D5: 9.7158082 | E5: -10.874944 | F5: 9.7158082 | G5: -67.393131 | H5: 1.0503561
A6: Viura | B6: 17.49 | C6: - | D6: 221.54 | E6: -11.214953 | F6: 369.622 | G6: -0.78247261 | H6: 39.959077
A7: Biogás | B7: 48.41106 | C7: 22.340579 | D7: 380.887 | E7: 32.991935 | F7: 545.66353 | G7: 37.491423 | H7: 58.990567
A8: Total | B8: 68.953567 | C8: 74.253967 | D8: 612.14281 | E8: 11.945147 | F8: 925.00134 | G8: 15.740217 | H8: 100
A9: Grado de autoabastecimiento (%) | B9: =B8/'Consumo de gas natural'!B8*100 -> 0.27493242 | D9: =D8/'Consumo de gas natural'!D8*100 -> 0.28415663 | F9: =F8/'Consumo de gas natural'!F8*100 -> 0.27630165
H10: Fuente: Cores
A11: * Tasas de variación con respecto al mismo periodo del año anterior
A12: '- igual que 0,0 / ^ distinto de 0,0
A13: Desde Enero 2017, las estadísticas de producción incluyen la producción de biogás (Datos obtenidos de los anejos de la Resolución del 15 de diciembre 2008)

Sheet Balance  Gas natural
A1: Balance de producción y consumo de gas natural
E2: Unidad: GWh
A3: Entradas | D3: Salidas
A4: Entradas de gas natural | B4: 29719.298 | D4: Salidas de gas natural | E4: 2969.8891
A5: Producción interior de gas | B5: 68.953567 | D5: Exportaciones | E5: 2969.8891
A6: Importaciones GNL | B6: 18042.295 | D6: Salidas a distribución y consumo | E6: 25080.188
A7: Importaciones GN | B7: 11608.049 | D7: Consumo convencional | E7: 12309.456
D8: Generación eléctrica | E8: 11835.863
A9: Variación de existencias | B9: -1582 | D9: GNL consumo directo | E9: 934.869
D10: Pérdidas y diferencias estadísticas | E10: 87.220567
A11: Total | B11: 28137.298 | D11: Total | E11: 28137.298
E12: Fuente: Cores

Sheet PVP máximo TUR
A1: PVP máximo de tarifas de último recurso de gas natural
H2: Unidad: c€/KWh
C3: TUR1 | D3: % ∆* | E3: TUR2** | F3: % ∆* | G3: TUR3 | H3: % ∆*
A4: 2022
B5: 1 Abril | C5: 9.3430694 | D5: 6.1792191 | E5: 8.1547696 | F5: 7.1439882 | G5: 7.7635645 | H5: 7.5310656
B6: 1 Julio | C6: 9.9683611 | D6: 6.6925725 | E6: 8.7800613 | F6: 7.6678034 | G6: 8.3888562 | H6: 8.0541831
B7: 1 Octubre | C7: 9.0315361 | D7: -9.3979841 | E7: 8.1181601 | F7: -7.5386859 | G7: 7.8286649 | H7: -6.677803
A8: 2023
B9: 1 Enero | C9: 9.7491356 | D9: 7.9454856 | E9: 8.8357594 | F9: 8.839434 | G9: 8.5462643 | H9: 9.1663062
B10: 1 Abril | C10: 7.0454401 | D10: -27.732668 | E10: 6.1357265 | F10: -30.558018 | G10: 5.8467168 | H10: -31.587457
B11: 1 Julio | C11: 6.8701931 | D11: -2.4873833 | E11: 5.9604794 | F11: -2.8561752 | G11: 5.6714696 | H11: -2.9973592
B12: 1 Octubre | C12: 6.7687525 | D12: -1.4765306 | E12: 5.9630582 | F12: 0.043264977 | G12: 5.6023471 | H12: -1.2187767
A13: 2024
B14: 1 Enero | C14: 7.5682376 | D14: 11.811409 | E14: 6.7241779 | F14: 12.763916 | G14: 6.346289 | H14: 13.279112
B15: 1 Abril | C15: 7.4591914 | D15: -1.4408399 | E15: 6.5307245 | F15: -2.8769817 | G15: 6.115048 | H15: -3.6437207
B16: 1 Octubre | C16: 8.0511863 | D16: 7.936449 | E16: 7.3747903 | F16: 12.924535 | G16: 6.9587999 | H16: 13.797961
A17: 2025
B18: 1 Enero | C18: 8.819402 | D18: 9.5416459 | E18: 8.143006 | F18: 10.41678 | G18: 7.7270156 | H18: 11.039485
B19: 1 Abril | C19: 7.1558541 | D19: -18.862366 | E19: 6.4794592 | F19: -20.429148 | G19: 6.0634677 | H19: -21.528984
B20: 1 Julio | C20: 6.8492958 | D20: -4.2840217 | E20: 6.1729009 | F20: -4.7312334 | G20: 5.7569094 | H20: -5.0558254
B21: 1 Octubre | C21: 7.6348761 | D21: 11.469506 | E21: 6.9507542 | F21: 12.601099 | G21: 6.5806173 | H21: 14.308162
A22: 2026
B23: 1 Enero | C23: 7.3393494 | D23: -3.8707474 | E23: 6.6552275 | F23: -4.2517223 | G23: 6.2850905 | H23: -4.490867
B24: 22 Marzo** | C24: 6.6721358 | D24: -9.0909091 | E24: 6.0502068 | F24: -9.0909091 | G24: 5.7137186 | H24: -9.0909091
B25: 1 Abril | C25: 6.1918164 | D25: -7.1988853 | E25: 5.5698874 | F25: -7.9388923 | G25: 5.2334003 | H25: -8.4064045
B26: 1 Junio** | C26: 6.810998 | D26: 10 | E26: 6.1268761 | F26: 10 | G26: 5.7567404 | H26: 10
B27: 1 Julio | C27: 7.4243156 | D27: 9.0048116 | E27: 6.7401937 | F27: 10.010281 | G27: 6.3700579 | H27: 10.653903
A28: * % sobre precio anterior | H28: Fuente: MITECO
A29: **Entre el 22 de marzo de 2026 y el 31 de mayo de 2026 se aplica una reducción del IVA al 10% en base al Real Decreto-ley 7/2026 de 20 de marzo

Sheet Cotizaciones GN
A1: Cotizaciones del gas natural
B3: 2025 | F3: 2026
B4: 45901 | C4: 45931 | D4: 45962 | E4: 45992 | F4: 46023 | G4: 46054 | H4: 46082 | I4: 46113 | J4: 46143 | K4: 46174 | L4: 46204 | M4: 46235
A5: Henry Hub (US$/MMBtu) | B5: 2.9734286 | C5: 3.1854783 | D5: 3.7937059 | E5: 4.2611429 | F5: 7.7184211 | G5: 3.6206842 | H5: 3.0563636 | I5: 2.7665714 | J5: 2.9388 | K5: 3.1450952 | L5: 2.896 | M5: 2.7722857
A6: NBP Day Ahead (GBp/therm) | B6: 79.221364 | C6: 78.314783 | D6: 76.158 | E6: 71.064286 | F6: 90.159524 | G6: 79.464 | H6: 131.4 | I6: 111.4555 | J6: 117.3495 | K6: 109.41864 | L6: 129.60217 | M6: 152.25
A7: TTF (€/MWh) | B7: 32.050455 | C7: 31.918261 | D7: 30.5825 | E7: 27.5765 | F7: 34.841905 | G7: 32.6185 | H7: 52.649545 | I7: 45.173158 | J7: 47.445714 | K7: 44.81 | L7: 53.891739 | M7: 61.6525
A8: MIBGAS D+1 (€/MWh) | B8: 31.841 | C8: 31.201935 | D8: 30.107333 | E8: 27.964516 | F8: 35.795161 | G8: 31.3725 | H8: 52.212258 | I8: 44.321667 | J8: 46.170645 | K8: 45.027 | L8: 55.526774 | M8: 62.23129
M9: Fuente: Reuters y MIBGAS

Sheet Stocks mat. primas y PP
A1: Stocks de crudo, materias primas y productos petrolíferos
I2: Unidad: miles de toneladas
B3: =INDICE!A3 -> 46265 | C3: 41671 | D3: =DATE(YEAR(B3),MONTH(B3)-1,1) -> 46204 | F3: =DATE(YEAR(B3)-1,MONTH(B3),1) -> 45870 | H3: Tv (%)*
B4: kt | C4: Estructura (%) | D4: kt | E4: Estructura (%) | F4: kt | G4: Estructura (%) | H4: =D3 -> 46204 | I4: =F3 -> 45870
A5: Crudos y mat. primas | B5: 6325.128 | C5: 39.177542 | D5: 6022.498 | E5: 38.790826 | F5: 5416.935 | G5: 35.790665 | H5: 5.0249913 | I5: 16.765809
A6: Productos petrolíferos | B6: 9819.652 | C6: 60.822458 | D6: 9503.075 | E6: 61.209174 | F6: 9718.115 | G6: 64.209335 | H6: 3.3313112 | I6: 1.044822
A7: Total | B7: 16144.78 | C7: 100 | D7: 15525.573 | E7: 100 | F7: 15135.05 | G7: 100 | H7: 3.9883037 | I7: 6.6714679
I8: Fuente: Cores
A9: * Tasas de variación con respecto al mes indicado
A10: Nota: Datos último día del mes
A11: '- igual que 0,0 / ^ distinto de 0,0

Sheet EMS prod. pet.
A1: Existencias mínimas de seguridad de productos petroliferos
I2: Unidad: miles de toneladas
B3: =INDICE!A3 -> 46265 | C3: 41671 | D3: =DATE(YEAR(B3),MONTH(B3)-1,1) -> 46204 | F3: =DATE(YEAR(B3)-1,MONTH(B3),1) -> 45870 | H3: Tv (%)*
B4: kt | C4: Estructura (%) | D4: kt | E4: Estructura (%) | F4: kt | G4: Estructura (%) | H4: =D3 -> 46204 | I4: =F3 -> 45870
A5: Reservas estratégicas Cores | B5: 5528.279 | C5: 35.10301 | D5: 5528.398 | E5: 36.690768 | F5: 5525.544 | G5: 39.15583 | H5: -0.0021525223 | I5: 0.049497389
A6: Reservas Industria | B6: 10220.453 | C6: 64.89699 | D6: 9539.147 | E6: 63.309232 | F6: 8586.1322 | G6: 60.84417 | H6: 7.1422113 | I6: 19.034424
A7: Total | B7: 15748.732 | C7: 100 | D7: 15067.545 | E7: 100 | F7: 14111.676 | G7: 100 | H7: 4.5208893 | I7: 11.600719
I8: Fuente: Cores
A9: * Tasas de variación con respecto al mes indicado
A10: Nota: Datos último día del mes
A11: '- igual que 0,0 / ^ distinto de 0,0

Sheet Nivel Stocks España
A1: Nivel de Stocks calculado en días de importaciones netas
I2: Unidades: días de cobertura
D3: =INDICE!A3 -> 46265 | E3: 41671 | F3: =DATE(YEAR(D3),MONTH(D3)-1,1) -> 46204 | H3: =DATE(YEAR(D3)-1,MONTH(D3),1) -> 45870
D4: Días | E4: Estructura (%) | F4: Días | G4: Estructura (%) | H4: Días | I4: Estructura (%)
A5: Stocks en días de importaciones netas | D5: 108.56164 | E5: 100 | F5: 103.40571 | G5: 100 | H5: 96.557519 | I5: 100
A6: Stocks Industria | D6: 67.931585 | E6: 62.574206 | F6: 62.774723 | G6: 60.707213 | H6: 56.329385 | I6: 58.337647
A7: Stocks Cores | D7: 40.630056 | E7: 37.425794 | F7: 40.630984 | G7: 39.292787 | H7: 40.228134 | I7: 41.662353
A8: Obligación * | D8: 90 | F8: 90 | H8: 90
I9: Fuente: Cores
A10: Nota: Datos último día del mes indicado
A11: * Obligación en días de importaciones netas según métodología de la AIE

Sheet RREE Cores
A1: Reservas estratégicas Cores
I2: Unidad: miles de toneladas
B3: =INDICE!A3 -> 46265 | C3: 41671 | D3: =DATE(YEAR(B3),MONTH(B3)-1,1) -> 46204 | F3: =DATE(YEAR(B3)-1,MONTH(B3),1) -> 45870 | H3: Tv (%)*
B4: kt | C4: Estructura (%) | D4: kt | E4: Estructura (%) | F4: kt | G4: Estructura (%) | H4: =D3 -> 46204 | I4: =F3 -> 45870
A5: Gasolinas | B5: 644.18 | C5: 11.652451 | D5: 644.335 | E5: 11.655004 | F5: 576.61 | G5: 10.435353 | H5: -0.024055809 | I5: 11.718493
A6: Querosenos | B6: 330.24 | C6: 5.9736493 | D6: 330.24 | E6: 5.9735207 | F6: 330.24 | G6: 5.9766061 | H6: 0 | I6: 0
A7: Gasóleos | B7: 2926.677 | C7: 52.94011 | D7: 2926.641 | E7: 52.93832 | F7: 2991.617 | G7: 54.141583 | H7: 0.0012300791 | I7: -2.1707324
A8: Fuelóleos | B8: 21 | C8: 0.37986505 | D8: 21 | E8: 0.37985688 | F8: 21 | G8: 0.38005308 | H8: 0 | I8: 0
A9: Crudo | B9: 1606.182 | C9: 29.053924 | D9: 1606.182 | E9: 29.053299 | F9: 1606.077 | G9: 29.066405 | H9: 0 | I9: 0.0065376691
A10: Total | B10: 5528.279 | C10: 100 | D10: 5528.398 | E10: 100 | F10: 5525.544 | G10: 100 | H10: -0.0021525223 | I10: 0.049497389
I11: Fuente: Cores
A12: * Tasas de variación con respecto al mes indicado
A13: Nota: Datos último día del mes
A14: - igual que 0,0 / ^ distinto de 0,0

Sheet Existencias GN
A1: Existencias gas natural
I3: Unidad:GWh
B4: =INDICE!A3 -> 46265 | C4: 41671 | D4: =DATE(YEAR(B4),MONTH(B4)-1,1) -> 46204 | F4: =DATE(YEAR(B4)-1,MONTH(B4),1) -> 45870 | H4: Tv (%)*
B5: GWh | C5: Estructura (%) | D5: GWh | E5: Estructura (%) | F5: GWh | G5: Estructura (%) | H5: =D4 -> 46204 | I5: =F4 -> 45870
A6: Plantas de Regasificación | B6: 12662.138 | C6: 32.401396 | D6: 11498.463 | E6: 30.664652 | F6: 15573.423 | G6: 33.668937 | H6: 10.12027 | I6: -18.693928
A7: Almacenamientos Subterráneos ** | B7: 26416.852 | C7: 67.598604 | D7: 25998.988 | E7: 69.335348 | F7: 30681.15 | G7: 66.331063 | H7: 1.6072318 | I7: -13.898755
A8: Total | B8: 39078.99 | C8: 100 | D8: 37497.451 | E8: 100 | F8: 46254.573 | G8: 100 | H8: 4.2177255 | I8: -15.513239
I9: Fuente: Cores
A10: * Tasas de variación con respecto al mes indicado
A11: ** Incluye el gas útil y el gas colchón extraíble por medios mecánicos.
A12: Nota: Datos último día del mes

Sheet Unidades y factores conversión
A1: Unidades y factores de conversión utilizados
A4: Unidades y factores de conversión para energía
B5: TJ | C5: Gcal | D5: Mtermias | E5: Mtep | F5: GWh
A6: TJ | B6: 1 | C6: 238.8 | D6: 0.2388 | E6: 2,388 x 10-5 | F6: 0.2778
A7: Gcal | B7: 4,1868 x 10-3 | C7: 1 | D7: 10-3 | E7: 10-7 | F7: 1,163 x 10-3
A8: Mtermias | B8: 4.1868 | C8: 103 | D8: 1 | E8: 10-4 | F8: 1.163
A9: Mtep | B9: 4,1868 x 104 | C9: 107 | D9: 104 | E9: 1 | F9: 11630
A10: GWh | B10: 3.6 | C10: 860 | D10: 0.86 | E10: 8,6 x 10-5 | F10: 1
A13: Unidades y factores de conversión para volumen
B14: Galones (EE.UU.) | C14: Barriles | D14: Pie cúbico | E14: Litro | F14: Metro cúbico
A15: Galones (EE.UU.) | B15: 1 | C15: 0.02381 | D15: 0.1337 | E15: 3.785 | F15: 0.0038
A16: Barriles | B16: 42 | C16: 1 | D16: 5.615 | E16: 159 | F16: 0.159
A17: Pie cúbico | B17: 7.48 | C17: 0.1781 | D17: 1 | E17: 28.3 | F17: 0.0283
A18: Litro | B18: 0.2642 | C18: 0.0063 | D18: 0.0353 | E18: 1 | F18: 0.001
A19: Metro cúbico | B19: 264.2 | C19: 6.289 | D19: 35.3147 | E19: 1000 | F19: 1
A22: Características de las tarifas de consumo a efectos de precios de gas natural
A23: España
A24: Uso doméstico/comercial | D24: Presión de suministro ≤4 bar
A27: Consumos | D27: Otra equivalencias utilizadas
A28: España | B28: kWh/año | D28: Gas Natural | F28: 11,86 kWh/Nm3
A29: Tarifa TUR1 | B29: ≤5.000 | D29: Crudo | F29: 7,33 Bbl/t
A30: Tarifa TUR2* | B30: >5.000 ≤50.000
A31: Tarifa TUR2** | B31: >5.000 ≤15.000
A32: Tarifa TUR3 | B32: >15.000 ≤50.000
A33: * hasta 30 de septiembre de 2021
A34: ** desde el 1 de octubre de 2021
A36: Prefijos | E36: Factores de conversión aproximados
A37: Mega (M): 106 | B37: Giga (G): 109 | C37: Tera (T): 1012 | F37: Bbl/Tm
E38: GLP´s | F38: 11.6
E39: Gasolinas | F39: 8.53
E40: Querosenos | F40: 7.88
E41: Querosenos - tipo Jet Fuel | F41: 7.93
E42: Gasóleos | F42: 7.46
E43: Fuelóleos | F43: 6.66
E44: Otros Productos | F44: 8
A46: Diferencias de redondeo
A47: Debido al redondeo de cifras, los totales podrían diferir de la suma de las cuantías individuales.
A49: Países miembros de la OPEP
A50: Arabia Saudí, Argelia, Congo, Gabón, Guinea Ecuatorial, Irak, Irán, Kuwait, Libia, Nigeria y Venezuela.
A52: Países miembros de la AIE
A53: Alemania, Australia, Austria, Bélgica, Canadá, Corea del Sur, Dinamarca, Eslovaquia, España, Estados Unidos,
A54: Estonia, Finlandia, Francia, Grecia, Hungría, Irlanda, Italia, Japón, Letonia, Lituania, Luxemburgo, México, Noruega,
A55: Nueva Zelanda, Países Bajos, Polonia, Portugal, Reino Unido, República Checa, Suecia, Suiza y Turquía.
A57: Países miembros de la OCDE
A58: Alemania, Australia, Austria, Bélgica, Canadá, Colombia, Corea del Sur, Costa Rica, Chile, Dinamarca, Eslovaquia, Eslovenia, España, Estados Unidos, Estonia, Finlandia, Francia, Grecia, Hungría, Irlanda, Islandia, Israel, Italia, Japón, Letonia, Lituania, Luxemburgo, México, Noruega, Nueva Zelanda, Países Bajos, Polonia, Portugal, Reino Unido, República Checa, Suecia, Suiza y Turquía.
A63: Países de la Eurozona
A64: Alemania, Austria, Bélgica, Chipre, Eslovaquia, Eslovenia, España, Estonia, Finlandia, Francia, Grecia, Irlanda,
... A70: Portugal, República Checa, Rumanía y Suecia.
